Workbook
Name ___sub1: #REF!
Name ___sub2: #REF!
Name ___sub3: #REF!
Name _sub1: #REF!
Name _sub2: #REF!
Name _sub3: #REF!
Name a: #REF!
Name AA: {#N/A,#N/A,FALSE,"ALVENARIA";#N/A,#N/A,FALSE,"BLOCOS";#N/A,#N/A,FALSE,"CINTAS";#N/A,#N/A,FALSE,"CORTINA";#N/A,#N/A,FALSE,"LAJES";#N/A,#N/A,FALSE,"PILARES";#N/A,#N/A,FALSE,"VIGAS"}
Name AA: {#N/A,#N/A,FALSE,"ALVENARIA";#N/A,#N/A,FALSE,"BLOCOS";#N/A,#N/A,FALSE,"CINTAS";#N/A,#N/A,FALSE,"CORTINA";#N/A,#N/A,FALSE,"LAJES";#N/A,#N/A,FALSE,"PILARES";#N/A,#N/A,FALSE,"VIGAS"}
Name AA: {#N/A,#N/A,FALSE,"ALVENARIA";#N/A,#N/A,FALSE,"BLOCOS";#N/A,#N/A,FALSE,"CINTAS";#N/A,#N/A,FALSE,"CORTINA";#N/A,#N/A,FALSE,"LAJES";#N/A,#N/A,FALSE,"PILARES";#N/A,#N/A,FALSE,"VIGAS"}
Name AA: {#N/A,#N/A,FALSE,"ALVENARIA";#N/A,#N/A,FALSE,"BLOCOS";#N/A,#N/A,FALSE,"CINTAS";#N/A,#N/A,FALSE,"CORTINA";#N/A,#N/A,FALSE,"LAJES";#N/A,#N/A,FALSE,"PILARES";#N/A,#N/A,FALSE,"VIGAS"}
Name AREA: #REF!
Name B: #REF!
Name BDI: #REF!
Name CalculoFossa20: {#N/A,#N/A,FALSE,"ALVENARIA";#N/A,#N/A,FALSE,"BLOCOS";#N/A,#N/A,FALSE,"CINTAS";#N/A,#N/A,FALSE,"CORTINA";#N/A,#N/A,FALSE,"LAJES";#N/A,#N/A,FALSE,"PILARES";#N/A,#N/A,FALSE,"VIGAS"}
Name CalculoFossa20: {#N/A,#N/A,FALSE,"ALVENARIA";#N/A,#N/A,FALSE,"BLOCOS";#N/A,#N/A,FALSE,"CINTAS";#N/A,#N/A,FALSE,"CORTINA";#N/A,#N/A,FALSE,"LAJES";#N/A,#N/A,FALSE,"PILARES";#N/A,#N/A,FALSE,"VIGAS"}
Name CalculoFossa20: {#N/A,#N/A,FALSE,"ALVENARIA";#N/A,#N/A,FALSE,"BLOCOS";#N/A,#N/A,FALSE,"CINTAS";#N/A,#N/A,FALSE,"CORTINA";#N/A,#N/A,FALSE,"LAJES";#N/A,#N/A,FALSE,"PILARES";#N/A,#N/A,FALSE,"VIGAS"}
Name CalculoFossa20: {#N/A,#N/A,FALSE,"ALVENARIA";#N/A,#N/A,FALSE,"BLOCOS";#N/A,#N/A,FALSE,"CINTAS";#N/A,#N/A,FALSE,"CORTINA";#N/A,#N/A,FALSE,"LAJES";#N/A,#N/A,FALSE,"PILARES";#N/A,#N/A,FALSE,"VIGAS"}
Name Cedro1COMPLETO: {#N/A,#N/A,FALSE,"ALVENARIA";#N/A,#N/A,FALSE,"BLOCOS";#N/A,#N/A,FALSE,"CINTAS";#N/A,#N/A,FALSE,"CORTINA";#N/A,#N/A,FALSE,"LAJES";#N/A,#N/A,FALSE,"PILARES";#N/A,#N/A,FALSE,"VIGAS"}
Name Cedro1COMPLETO: {#N/A,#N/A,FALSE,"ALVENARIA";#N/A,#N/A,FALSE,"BLOCOS";#N/A,#N/A,FALSE,"CINTAS";#N/A,#N/A,FALSE,"CORTINA";#N/A,#N/A,FALSE,"LAJES";#N/A,#N/A,FALSE,"PILARES";#N/A,#N/A,FALSE,"VIGAS"}
Name Cedro1COMPLETO: {#N/A,#N/A,FALSE,"ALVENARIA";#N/A,#N/A,FALSE,"BLOCOS";#N/A,#N/A,FALSE,"CINTAS";#N/A,#N/A,FALSE,"CORTINA";#N/A,#N/A,FALSE,"LAJES";#N/A,#N/A,FALSE,"PILARES";#N/A,#N/A,FALSE,"VIGAS"}
Name Cedro1COMPLETO: {#N/A,#N/A,FALSE,"ALVENARIA";#N/A,#N/A,FALSE,"BLOCOS";#N/A,#N/A,FALSE,"CINTAS";#N/A,#N/A,FALSE,"CORTINA";#N/A,#N/A,FALSE,"LAJES";#N/A,#N/A,FALSE,"PILARES";#N/A,#N/A,FALSE,"VIGAS"}
Name ciclovia: {#N/A,#N/A,FALSE,"ALVENARIA";#N/A,#N/A,FALSE,"BLOCOS";#N/A,#N/A,FALSE,"CINTAS";#N/A,#N/A,FALSE,"CORTINA";#N/A,#N/A,FALSE,"LAJES";#N/A,#N/A,FALSE,"PILARES";#N/A,#N/A,FALSE,"VIGAS"}
Name ciclovia: {#N/A,#N/A,FALSE,"ALVENARIA";#N/A,#N/A,FALSE,"BLOCOS";#N/A,#N/A,FALSE,"CINTAS";#N/A,#N/A,FALSE,"CORTINA";#N/A,#N/A,FALSE,"LAJES";#N/A,#N/A,FALSE,"PILARES";#N/A,#N/A,FALSE,"VIGAS"}
Name ciclovia: {#N/A,#N/A,FALSE,"ALVENARIA";#N/A,#N/A,FALSE,"BLOCOS";#N/A,#N/A,FALSE,"CINTAS";#N/A,#N/A,FALSE,"CORTINA";#N/A,#N/A,FALSE,"LAJES";#N/A,#N/A,FALSE,"PILARES";#N/A,#N/A,FALSE,"VIGAS"}
Name ciclovia: {#N/A,#N/A,FALSE,"ALVENARIA";#N/A,#N/A,FALSE,"BLOCOS";#N/A,#N/A,FALSE,"CINTAS";#N/A,#N/A,FALSE,"CORTINA";#N/A,#N/A,FALSE,"LAJES";#N/A,#N/A,FALSE,"PILARES";#N/A,#N/A,FALSE,"VIGAS"}
Name ciclovia2: {#N/A,#N/A,FALSE,"ALVENARIA";#N/A,#N/A,FALSE,"BLOCOS";#N/A,#N/A,FALSE,"CINTAS";#N/A,#N/A,FALSE,"CORTINA";#N/A,#N/A,FALSE,"LAJES";#N/A,#N/A,FALSE,"PILARES";#N/A,#N/A,FALSE,"VIGAS"}
Name ciclovia2: {#N/A,#N/A,FALSE,"ALVENARIA";#N/A,#N/A,FALSE,"BLOCOS";#N/A,#N/A,FALSE,"CINTAS";#N/A,#N/A,FALSE,"CORTINA";#N/A,#N/A,FALSE,"LAJES";#N/A,#N/A,FALSE,"PILARES";#N/A,#N/A,FALSE,"VIGAS"}
Name ciclovia2: {#N/A,#N/A,FALSE,"ALVENARIA";#N/A,#N/A,FALSE,"BLOCOS";#N/A,#N/A,FALSE,"CINTAS";#N/A,#N/A,FALSE,"CORTINA";#N/A,#N/A,FALSE,"LAJES";#N/A,#N/A,FALSE,"PILARES";#N/A,#N/A,FALSE,"VIGAS"}
Name ciclovia2: {#N/A,#N/A,FALSE,"ALVENARIA";#N/A,#N/A,FALSE,"BLOCOS";#N/A,#N/A,FALSE,"CINTAS";#N/A,#N/A,FALSE,"CORTINA";#N/A,#N/A,FALSE,"LAJES";#N/A,#N/A,FALSE,"PILARES";#N/A,#N/A,FALSE,"VIGAS"}
Name ciclovia3: {#N/A,#N/A,FALSE,"ALVENARIA";#N/A,#N/A,FALSE,"BLOCOS";#N/A,#N/A,FALSE,"CINTAS";#N/A,#N/A,FALSE,"CORTINA";#N/A,#N/A,FALSE,"LAJES";#N/A,#N/A,FALSE,"PILARES";#N/A,#N/A,FALSE,"VIGAS"}
Name ciclovia3: {#N/A,#N/A,FALSE,"ALVENARIA";#N/A,#N/A,FALSE,"BLOCOS";#N/A,#N/A,FALSE,"CINTAS";#N/A,#N/A,FALSE,"CORTINA";#N/A,#N/A,FALSE,"LAJES";#N/A,#N/A,FALSE,"PILARES";#N/A,#N/A,FALSE,"VIGAS"}
Name ciclovia3: {#N/A,#N/A,FALSE,"ALVENARIA";#N/A,#N/A,FALSE,"BLOCOS";#N/A,#N/A,FALSE,"CINTAS";#N/A,#N/A,FALSE,"CORTINA";#N/A,#N/A,FALSE,"LAJES";#N/A,#N/A,FALSE,"PILARES";#N/A,#N/A,FALSE,"VIGAS"}
Name ciclovia3: {#N/A,#N/A,FALSE,"ALVENARIA";#N/A,#N/A,FALSE,"BLOCOS";#N/A,#N/A,FALSE,"CINTAS";#N/A,#N/A,FALSE,"CORTINA";#N/A,#N/A,FALSE,"LAJES";#N/A,#N/A,FALSE,"PILARES";#N/A,#N/A,FALSE,"VIGAS"}
Name ciclovia4: {#N/A,#N/A,FALSE,"ALVENARIA";#N/A,#N/A,FALSE,"BLOCOS";#N/A,#N/A,FALSE,"CINTAS";#N/A,#N/A,FALSE,"CORTINA";#N/A,#N/A,FALSE,"LAJES";#N/A,#N/A,FALSE,"PILARES";#N/A,#N/A,FALSE,"VIGAS"}
Name ciclovia4: {#N/A,#N/A,FALSE,"ALVENARIA";#N/A,#N/A,FALSE,"BLOCOS";#N/A,#N/A,FALSE,"CINTAS";#N/A,#N/A,FALSE,"CORTINA";#N/A,#N/A,FALSE,"LAJES";#N/A,#N/A,FALSE,"PILARES";#N/A,#N/A,FALSE,"VIGAS"}
Name ciclovia4: {#N/A,#N/A,FALSE,"ALVENARIA";#N/A,#N/A,FALSE,"BLOCOS";#N/A,#N/A,FALSE,"CINTAS";#N/A,#N/A,FALSE,"CORTINA";#N/A,#N/A,FALSE,"LAJES";#N/A,#N/A,FALSE,"PILARES";#N/A,#N/A,FALSE,"VIGAS"}
Name ciclovia4: {#N/A,#N/A,FALSE,"ALVENARIA";#N/A,#N/A,FALSE,"BLOCOS";#N/A,#N/A,FALSE,"CINTAS";#N/A,#N/A,FALSE,"CORTINA";#N/A,#N/A,FALSE,"LAJES";#N/A,#N/A,FALSE,"PILARES";#N/A,#N/A,FALSE,"VIGAS"}
Name ciclovia5: {#N/A,#N/A,FALSE,"ALVENARIA";#N/A,#N/A,FALSE,"BLOCOS";#N/A,#N/A,FALSE,"CINTAS";#N/A,#N/A,FALSE,"CORTINA";#N/A,#N/A,FALSE,"LAJES";#N/A,#N/A,FALSE,"PILARES";#N/A,#N/A,FALSE,"VIGAS"}
Name ciclovia5: {#N/A,#N/A,FALSE,"ALVENARIA";#N/A,#N/A,FALSE,"BLOCOS";#N/A,#N/A,FALSE,"CINTAS";#N/A,#N/A,FALSE,"CORTINA";#N/A,#N/A,FALSE,"LAJES";#N/A,#N/A,FALSE,"PILARES";#N/A,#N/A,FALSE,"VIGAS"}
Name ciclovia5: {#N/A,#N/A,FALSE,"ALVENARIA";#N/A,#N/A,FALSE,"BLOCOS";#N/A,#N/A,FALSE,"CINTAS";#N/A,#N/A,FALSE,"CORTINA";#N/A,#N/A,FALSE,"LAJES";#N/A,#N/A,FALSE,"PILARES";#N/A,#N/A,FALSE,"VIGAS"}
Name ciclovia5: {#N/A,#N/A,FALSE,"ALVENARIA";#N/A,#N/A,FALSE,"BLOCOS";#N/A,#N/A,FALSE,"CINTAS";#N/A,#N/A,FALSE,"CORTINA";#N/A,#N/A,FALSE,"LAJES";#N/A,#N/A,FALSE,"PILARES";#N/A,#N/A,FALSE,"VIGAS"}
Name ciclovia6: {#N/A,#N/A,FALSE,"ALVENARIA";#N/A,#N/A,FALSE,"BLOCOS";#N/A,#N/A,FALSE,"CINTAS";#N/A,#N/A,FALSE,"CORTINA";#N/A,#N/A,FALSE,"LAJES";#N/A,#N/A,FALSE,"PILARES";#N/A,#N/A,FALSE,"VIGAS"}
Name ciclovia6: {#N/A,#N/A,FALSE,"ALVENARIA";#N/A,#N/A,FALSE,"BLOCOS";#N/A,#N/A,FALSE,"CINTAS";#N/A,#N/A,FALSE,"CORTINA";#N/A,#N/A,FALSE,"LAJES";#N/A,#N/A,FALSE,"PILARES";#N/A,#N/A,FALSE,"VIGAS"}
Name ciclovia6: {#N/A,#N/A,FALSE,"ALVENARIA";#N/A,#N/A,FALSE,"BLOCOS";#N/A,#N/A,FALSE,"CINTAS";#N/A,#N/A,FALSE,"CORTINA";#N/A,#N/A,FALSE,"LAJES";#N/A,#N/A,FALSE,"PILARES";#N/A,#N/A,FALSE,"VIGAS"}
Name ciclovia6: {#N/A,#N/A,FALSE,"ALVENARIA";#N/A,#N/A,FALSE,"BLOCOS";#N/A,#N/A,FALSE,"CINTAS";#N/A,#N/A,FALSE,"CORTINA";#N/A,#N/A,FALSE,"LAJES";#N/A,#N/A,FALSE,"PILARES";#N/A,#N/A,FALSE,"VIGAS"}
Name ciclovia7: {#N/A,#N/A,FALSE,"ALVENARIA";#N/A,#N/A,FALSE,"BLOCOS";#N/A,#N/A,FALSE,"CINTAS";#N/A,#N/A,FALSE,"CORTINA";#N/A,#N/A,FALSE,"LAJES";#N/A,#N/A,FALSE,"PILARES";#N/A,#N/A,FALSE,"VIGAS"}
Name ciclovia7: {#N/A,#N/A,FALSE,"ALVENARIA";#N/A,#N/A,FALSE,"BLOCOS";#N/A,#N/A,FALSE,"CINTAS";#N/A,#N/A,FALSE,"CORTINA";#N/A,#N/A,FALSE,"LAJES";#N/A,#N/A,FALSE,"PILARES";#N/A,#N/A,FALSE,"VIGAS"}
Name ciclovia7: {#N/A,#N/A,FALSE,"ALVENARIA";#N/A,#N/A,FALSE,"BLOCOS";#N/A,#N/A,FALSE,"CINTAS";#N/A,#N/A,FALSE,"CORTINA";#N/A,#N/A,FALSE,"LAJES";#N/A,#N/A,FALSE,"PILARES";#N/A,#N/A,FALSE,"VIGAS"}
Name ciclovia7: {#N/A,#N/A,FALSE,"ALVENARIA";#N/A,#N/A,FALSE,"BLOCOS";#N/A,#N/A,FALSE,"CINTAS";#N/A,#N/A,FALSE,"CORTINA";#N/A,#N/A,FALSE,"LAJES";#N/A,#N/A,FALSE,"PILARES";#N/A,#N/A,FALSE,"VIGAS"}
Name ciclovia8: {#N/A,#N/A,FALSE,"ALVENARIA";#N/A,#N/A,FALSE,"BLOCOS";#N/A,#N/A,FALSE,"CINTAS";#N/A,#N/A,FALSE,"CORTINA";#N/A,#N/A,FALSE,"LAJES";#N/A,#N/A,FALSE,"PILARES";#N/A,#N/A,FALSE,"VIGAS"}
Name ciclovia8: {#N/A,#N/A,FALSE,"ALVENARIA";#N/A,#N/A,FALSE,"BLOCOS";#N/A,#N/A,FALSE,"CINTAS";#N/A,#N/A,FALSE,"CORTINA";#N/A,#N/A,FALSE,"LAJES";#N/A,#N/A,FALSE,"PILARES";#N/A,#N/A,FALSE,"VIGAS"}
Name ciclovia8: {#N/A,#N/A,FALSE,"ALVENARIA";#N/A,#N/A,FALSE,"BLOCOS";#N/A,#N/A,FALSE,"CINTAS";#N/A,#N/A,FALSE,"CORTINA";#N/A,#N/A,FALSE,"LAJES";#N/A,#N/A,FALSE,"PILARES";#N/A,#N/A,FALSE,"VIGAS"}
Name ciclovia8: {#N/A,#N/A,FALSE,"ALVENARIA";#N/A,#N/A,FALSE,"BLOCOS";#N/A,#N/A,FALSE,"CINTAS";#N/A,#N/A,FALSE,"CORTINA";#N/A,#N/A,FALSE,"LAJES";#N/A,#N/A,FALSE,"PILARES";#N/A,#N/A,FALSE,"VIGAS"}
Name cotação: {#N/A,#N/A,FALSE,"ALVENARIA";#N/A,#N/A,FALSE,"BLOCOS";#N/A,#N/A,FALSE,"CINTAS";#N/A,#N/A,FALSE,"CORTINA";#N/A,#N/A,FALSE,"LAJES";#N/A,#N/A,FALSE,"PILARES";#N/A,#N/A,FALSE,"VIGAS"}
Name cotação: {#N/A,#N/A,FALSE,"ALVENARIA";#N/A,#N/A,FALSE,"BLOCOS";#N/A,#N/A,FALSE,"CINTAS";#N/A,#N/A,FALSE,"CORTINA";#N/A,#N/A,FALSE,"LAJES";#N/A,#N/A,FALSE,"PILARES";#N/A,#N/A,FALSE,"VIGAS"}
Name cotação: {#N/A,#N/A,FALSE,"ALVENARIA";#N/A,#N/A,FALSE,"BLOCOS";#N/A,#N/A,FALSE,"CINTAS";#N/A,#N/A,FALSE,"CORTINA";#N/A,#N/A,FALSE,"LAJES";#N/A,#N/A,FALSE,"PILARES";#N/A,#N/A,FALSE,"VIGAS"}
Name cotação: {#N/A,#N/A,FALSE,"ALVENARIA";#N/A,#N/A,FALSE,"BLOCOS";#N/A,#N/A,FALSE,"CINTAS";#N/A,#N/A,FALSE,"CORTINA";#N/A,#N/A,FALSE,"LAJES";#N/A,#N/A,FALSE,"PILARES";#N/A,#N/A,FALSE,"VIGAS"}
Name ddd: {#N/A,#N/A,FALSE,"ALVENARIA";#N/A,#N/A,FALSE,"BLOCOS";#N/A,#N/A,FALSE,"CINTAS";#N/A,#N/A,FALSE,"CORTINA";#N/A,#N/A,FALSE,"LAJES";#N/A,#N/A,FALSE,"PILARES";#N/A,#N/A,FALSE,"VIGAS"}
Name ddd: {#N/A,#N/A,FALSE,"ALVENARIA";#N/A,#N/A,FALSE,"BLOCOS";#N/A,#N/A,FALSE,"CINTAS";#N/A,#N/A,FALSE,"CORTINA";#N/A,#N/A,FALSE,"LAJES";#N/A,#N/A,FALSE,"PILARES";#N/A,#N/A,FALSE,"VIGAS"}

Sheet BDI
B4: COMPOSIÇÃO DO BDI - OBRA RODOVIÁRIA
B6: Grupo A | C6: Despesas indiretas
B7: A.1 | C7: Administração central (AC) | D7: 0.0401
B8: A.2 | C8: Seguros (S) + Garantia (G) | D8: 0.004
B9: A.3 | C9: Risco (R) | D9: 0.0056
C10: Total do grupo A: | D10: =SUM(D7:D9) -> 0.0497
B12: Grupo B | C12: Bonificação
B13: B.1 | C13: Lucro (L) | D13: 0.073
C14: Total do grupo B: | D14: =SUM(D13) -> 0.073
B16: Grupo C | C16: Impostos (I)
B17: C.1 | C17: PIS | D17: 0.0065
B18: C.2 | C18: COFINS | D18: 0.03
B19: C.3 | C19: ISSQN (Valor estipulado pela Prefeitura - entre 2 a 5%) | D19: 0.03
B20: C.4 | C20: CPRB | D20: 0.045
C21: Total do grupo C: | D21: =SUM(D17:D20) -> 0.1115
B23: Grupo D | C23: Despesas Financeiras (DF)
B24: D.1 | C24: Despesas Financeiras | D24: 0.0111
C25: Total do grupo D: | D25: =SUM(D24) -> 0.0111
B27: BDI: | D27: =ROUND(((1+(D7+D8+D9))*(1+D25)*(1+D14)/(1-D21))-1,4) -> 0.2817
B32: _______________________________
C33: Saulo de Souza Paoli
C34: Engenheiro Civil
C35: CREA/MG Nº: 199.846/D

Sheet PLANILHA ORÇAMENTÁRIA (AF)
A2: PLANILHA ORÇAMENTÁRIA DE CUSTOS
A3: PREFEITURA MUNICIPAL DE PONTE NOVA | F3: FOLHA Nº: | H3: 01/01.
A4: ='MEMÓRIA DE CÁLCULO (AF)'!A4:E4 -> OBRA: CONSTRUÇÃO DE FAIXAS ELEVADAS PARA TRAVESSIA DE PEDESTRES EM VIAS URBANAS DO MUNICÍPIO DE PONTE NOVA/MG | F4: DATA: | H4: =TODAY() -> 46181
A5: ='MEMÓRIA DE CÁLCULO (AF)'!A5:E5 -> LOCAL: DIVERSAS RUAS DO MUNICÍPIO DE PONTE NOVA/MG | F5: FORMA DE EXECUÇÃO:
A6: REGIÃO/MÊS DE REFERÊNCIA COM DESONERAÇÃO: TABELA SINAPI-MG - JANEIRO/2026 - TABELA SICRO/DNIT-MG - OUTUBRO/2025 - TABELA SETOP-MG - OUTUBRO/2025 - TABELA SUDECAP-MG - OUTUBRO/2025 - TABELA ORSE-SE - DEZEMBRO/2025 | F6: ( ) | G6: DIRETA | H6: ( X ) | I6: INDIRETA
A7: COMPOSIÇÃO DE BDI - EM ANEXO, OBTIDO DO ACÓRDÃO 2622/2013, DO TRIBUNAL DE CONTAS DA UNIÃO - TCU (CONSTRUÇÃO DE RODOVIAS E FERROVIAS) - QUARTIL MÉDIO. | F7: % ISS MUNICIPAL: | G7: 0.03 | H7: BDI: | I7: =BDI!D27 -> 0.2817
A9: ITEM | B9: FONTE | C9: CÓDIGO | D9: DESCRIÇÃO | E9: UNIDADE | F9: QUANTIDADE | G9: PREÇO UNITÁRIO S/ BDI | H9: PREÇO UNITÁRIO C/ BDI | I9: PREÇO TOTAL
A10: 1.0 | D10: SERVIÇOS DE MOBILIZAÇÃO E DESMOLBILIZAÇÃO | I10: =SUM(I11) -> 3204.25
A11: 1.1 | B11: SUDECAP | C11: 04.04.01 | D11: MOBILIZAÇÃO E DESMOBILIZAÇÃO DE EQUIPAMENTO | E11: UN. | F11: 1 | G11: 2500 | H11: =ROUND(G11+(G11*$I$7),2) -> 3204.25 | I11: =ROUND((F11*H11),2) -> 3204.25
A13: 2.0 | D13: SERVIÇOS DE INSTALAÇÃO DE OBRA | I13: =SUM(I14:I16) -> 10714.79
A14: 2.1 | B14: SETOP | C14: ED-28427 | D14: FORNECIMENTO E COLOCAÇÃO DE PLACA DE OBRA EM CHAPA GALVANIZADA #26, ESP. 0,45MM, DIMENSÃO (3X1,5)M, PLOTADA COM ADESIVO VINÍLICO, AFIXADA COM REBITES 4,8X40MM, EM ESTRUTURA METÁLICA DE METALON 20X20MM, ESP. 1,25MM, INCLUSIVE SUPORTE EM EUCALIPTO AUTOCLAVADO PINTADO COM TINTA PVA DUAS (2) DEMÃOS | E14: UN. | F14: 1 | G14: 1153.26 | H14: =ROUND(G14+(G14*$I$7),2) -> 1478.13 | I14: =ROUND((F14*H14),2) -> 1478.13
A15: 2.2 | B15: SICRO/ DNIT | C15: 5213383 | D15: CONE PLÁSTICO PARA CANALIZAÇÃO DE TRÂNSITO - UTILIZAÇÃO DE 150 CICLOS - FORNECIMENTO, 01 IMPLANTAÇÃO E 01 RETIRADA DIÁRIA | E15: UN.DIA | F15: =19*3*10 -> 570 | G15: 0.79 | H15: =ROUND(G15+(G15*$I$7),2) -> 1.01 | I15: =ROUND((F15*H15),2) -> 575.7
A16: 2.3 | B16: SICRO/ DNIT | C16: 5213850 | D16: OPERAÇÃO DE SINALIZAÇÃO POR BANDEIROLA DE TECIDO OU COM PLACA METÁLICA | E16: H | F16: ='MEMÓRIA DE CÁLCULO (AF)'!F14 -> 304 | G16: 22.23 | H16: =ROUND(G16+(G16*$I$7),2) -> 28.49 | I16: =ROUND((F16*H16),2) -> 8660.96
A18: 3.0 | D18: SERVIÇOS DE DEMOLIÇÃO/REMOÇÃO DE REDUTOR DE VELOCIDADE | I18: =SUM(I19:I24) -> 19186.23
A19: 3.1 | B19: ORSE | C19: 11912 | D19: CORTE EM PAVIMENTO ASFÁLTICO/CONCRETO, COM MÁQUINA E DISCO DIAMANTADO - REV 01 | E19: M | F19: =(9.9+10.7+9.6+7.9+7.9+10.7+8)*2 -> 129.4 | G19: 13.94 | H19: =ROUND(G19+(G19*$I$7),2) -> 17.87 | I19: =ROUND((F19*H19),2) -> 2312.38
A20: 3.2 | B20: SINAPI | C20: 97636 | D20: DEMOLIÇÃO PARCIAL DE PAVIMENTO ASFÁLTICO, DE FORMA MECANIZADA, SEM REAPROVEITAMENTO. AF_09/2023 | E20: M² | F20: =((9.9*3.7)+((10.7+9.6+7.9+7.9+10.7+8)*1.5)) -> 118.83 | G20: 23.82 | H20: =ROUND(G20+(G20*$I$7),2) -> 30.53 | I20: =ROUND((F20*H20),2) -> 3627.88
A21: 3.3 | B21: SINAPI | C21: 101835 | D21: RECOMPOSIÇÃO DE BASE E OU SUB-BASE PARA REMENDO PROFUNDO DE BRITA GRADUADA SIMPLES - INCLUSO RETIRADA E COLOCAÇÃO DO MATERIAL. AF_12/2020 | E21: M³ | F21: =F20*0.2 -> 23.766 | G21: 351.7 | H21: =ROUND(G21+(G21*$I$7),2) -> 450.77 | I21: 10714.8
A22: 3.4 | B22: SETOP | C22: ED-51096 | D22: COMPACTAÇÃO MECANIZADA DE ATERRO COM PLACA VIBRATÓRIA, INCLUSIVE ESPALHAMENTO MANUAL | E22: M³ | F22: =F20*0.2 -> 23.766 | G22: 50.99 | H22: =ROUND(G22+(G22*$I$7),2) -> 65.35 | I22: 1553.37
A23: 3.5 | B23: SETOP | C23: ED-51132 | D23: CARGA MECÂNICA DE MATERIAL DE QUALQUER NATUREZA SOBRE CAMINHÃO, EXCLUSIVE TRANSPORTE | E23: M³ | F23: =(F20*0.2)+(F20*0.2) -> 47.532 | G23: 3.25 | H23: =ROUND(G23+(G23*$I$7),2) -> 4.17 | I23: =ROUND((F23*H23),2) -> 198.21
A24: 3.6 | B24: SETOP | C24: ED-29231 | D24: TRANSPORTE DE MATERIAL DE QUALQUER NATUREZA EM CAMINHÃO, DISTÂNCIA MAIOR QUE 2KM E MENOR OU IGUAL A 5KM, DENTRO DO PERÍMETRO URBANO, EXCLUSIVE CARGA, INCLUSIVE DESCARGA | E24: M³XKM | F24: =(((118.83*0.2)+23.77)*5) -> 237.68 | G24: 2.56 | H24: =ROUND(G24+(G24*$I$7),2) -> 3.28 | I24: =ROUND((F24*H24),2) -> 779.59
A26: 4.0 | D26: SERVIÇOS DE CONSTRUÇÃO DE CALÇADA RUA ITATIBA | I26: =SUM(I27:I39) -> 27483.17
A27: 4.1 | B27: SUDECAP | C27: 02.15.01 | D27: REMOÇÃO DE MEIO-FIO PRÉ-MOLDADO DE CONCRETO | E27: M | F27: 44.2 | G27: 8.78 | H27: =ROUND(G27+(G27*$I$7),2) -> 11.25 | I27: =ROUND((F27*H27),2) -> 497.25
A28: 4.2 | B28: SETOP | C28: ED-48476 | D28: REMOÇÃO MANUAL DE PAVIMENTAÇÃO INTERTRAVADA OU SEXTAVADO EM PRÉ-MOLDADA DE CONCRETO, COM REAPROVEITAMENTO, INCLUSIVE AFESTAMENTO E EMPILHAMENTO, EXCLUSIVE TRANSPORTE E RETIRADA DO MATERIAL REMOLVIDO NÃO REAPROVEITÁVEL | E28: M² | F28: =45.7*1.5 -> 68.55 | G28: 14.95 | H28: =ROUND(G28+(G28*$I$7),2) -> 19.16 | I28: =ROUND((F28*H28),2) -> 1313.42
A29: 4.3 | B29: SINAPI | C29: 104796 | D29: DEMOLIÇÃO DE GUIAS, SARJETAS OU SARJETÕES, DE FORMA MECANIZADA, SEM REAPROVEITAMENTO. AF_09/2023 | E29: M | F29: 44.2 | G29: 15.26 | H29: =ROUND(G29+(G29*$I$7),2) -> 19.56 | I29: =ROUND((F29*H29),2) -> 864.55
A30: 4.4 | B30: SICRO/ DNIT | C30: 4915744 | D30: CAPINA MANUAL | E30: M² | F30: =45.7*1.5 -> 68.55 | G30: 0.74 | H30: =ROUND(G30+(G30*$I$7),2) -> 0.95 | I30: =ROUND((F30*H30),2) -> 65.12
A31: 4.5 | B31: SETOP | C31: ED-51139 | D31: GUIA DE MEIO-FIO, EM CONCRETO COM FCK 20MPA, PRÉ-MOLDADA, MFC-01 PADRÃO DER-MG, DIMENSÕES (12X16,7X35)CM, EXCLUSIVE SARJETA, INCLUSIVE ESCAVAÇÃO, APILOAMENTO E TRANSPORTE COM RETIRADA DO MATERIAL ESCAVADO (EM CAÇAMBA) | E31: M | F31: =45.7*2 -> 91.4 | G31: 76.52 | H31: =ROUND(G31+(G31*$I$7),2) -> 98.08 | I31: =ROUND((F31*H31),2) -> 8964.51
A32: 4.6 | B32: SETOP | C32: ED-51096 | D32: COMPACTAÇÃO MECANIZADA DE ATERRO COM PLACA VIBRATÓRIA, INCLUSIVE ESPALHAMENTO MANUAL | E32: M³ | F32: =45.7*1.5*0.07 -> 4.7985 | G32: 50.99 | H32: =ROUND(G32+(G32*$I$7),2) -> 65.35 | I32: =ROUND((F32*H32),2) -> 313.58
A33: 4.7 | B33: SINAPI | C33: 94994 | D33: EXECUÇÃO DE PASSEIO (CALÇADA) OU PISO DE CONCRETO COM CONCRETO MOLDADO IN LOCO, FEITO EM OBRA, ACABAMENTO CONVENCIONAL, ESPESSURA 8 CM, ARMADO. AF_08/2022 | E33: M² | F33: =45.7*1.5 -> 68.55 | G33: 103.07 | H33: =ROUND(G33+(G33*$I$7),2) -> 132.1 | I33: =ROUND((F33*H33),2) -> 9055.46
A34: 4.8 | B34: SETOP | C34: ED-15226 | D34: PISO PODOTÁTIL DE CONCRETO, ALERTA OU DIRECIONAL, APLICADO EM PISO (20X20)CM COM JUNTA SECA, COR VERMELHO/AMARELO, INCLUSIVE ASSENTAMENTO COM ARGAMASSA INDUSTRIALIZADA | E34: M² | F34: =45.7*0.2 -> 9.14 | G34: 110.07 | H34: =ROUND(G34+(G34*$I$7),2) -> 141.08 | I34: =ROUND((F34*H34),2) -> 1289.47
A35: 4.9 | B35: SINAPI | C35: 94287 | D35: EXECUÇÃO DE SARJETA DE CONCRETO USINADO, MOLDADA IN LOCO EM TRECHO RETO, 30 CM BASE X 10 CM ALTURA. AF_01/2024 | E35: M | F35: 45.7 | G35: 35.28 | H35: =ROUND(G35+(G35*$I$7),2) -> 45.22 | I35: =ROUND((F35*H35),2) -> 2066.55
A36: 4.10 | B36: SINAPI | C36: 92221 | D36: TUBO DE CONCRETO PARA REDES COLETORAS DE ÁGUAS PLUVIAIS, DIÂMETRO DE 600 MM, JUNTA RÍGIDA, INSTALADO EM LOCAL COM ALTO NÍVEL DE INTERFERÊNCIAS - FORNECIMENTO E ASSENTAMENTO. AF_03/2024 | E36: M | F36: 2 | G36: 305.06 | H36: =ROUND(G36+(G36*$I$7),2) -> 391 | I36: =ROUND((F36*H36),2) -> 782
A37: 4.11 | B37: SINAPI | C37: 97953 | D37: CAIXA COM GRELHA SIMPLES RETANGULAR, EM ALVENARIA COM BLOCOS DE CONCRETO, DIMENSÕES INTERNAS: 0,5X1X1 M. AF_12/2020 | E37: UN. | F37: 1 | G37: 1512.23 | H37: =ROUND(G37+(G37*$I$7),2) -> 1938.23 | I37: =ROUND((F37*H37),2) -> 1938.23
A38: 4.12 | B38: SETOP | C38: ED-51132 | D38: CARGA MECÂNICA DE MATERIAL DE QUALQUER NATUREZA SOBRE CAMINHÃO, EXCLUSIVE TRANSPORTE | E38: M³ | F38: =1.17+6.85+1.32+2.05+4.8 -> 16.19 | G38: 3.25 | H38: =ROUND(G38+(G38*$I$7),2) -> 4.17 | I38: =ROUND((F38*H38),2) -> 67.51
A39: 4.13 | B39: SETOP | C39: ED-29231 | D39: TRANSPORTE DE MATERIAL DE QUALQUER NATUREZA EM CAMINHÃO, DISTÂNCIA MAIOR QUE 2KM E MENOR OU IGUAL A 5KM, DENTRO DO PERÍMETRO URBANO, EXCLUSIVE CARGA, INCLUSIVE DESCARGA | E39: M³XKM | F39: =16.19*5 -> 80.95 | G39: 2.56 | H39: =ROUND(G39+(G39*$I$7),2) -> 3.28 | I39: =ROUND((F39*H39),2) -> 265.52
A41: 5.0 | D41: SERVIÇOS DE ADEQUAÇÃO DE CALÇADA E CANTEIRO CENTRAL PARA CONSTRUÇÃO DE FAIXA ELEVADAS | I41: =SUM(I42:I58) -> 37011.77
A42: 5.1 | B42: SUDECAP | C42: 02.15.01 | D42: REMOÇÃO DE MEIO-FIO PRÉ-MOLDADO DE CONCRETO | E42: M | F42: 96 | G42: 8.78 | H42: =ROUND(G42+(G42*$I$7),2) -> 11.25 | I42: =ROUND((F42*H42),2) -> 1080
A43: 5.2 | B43: SINAPI | C43: 104789 | D43: DEMOLIÇÃO DE PISO DE CONCRETO SIMPLES, DE FORMA MANUAL, SEM REAPROVEITAMENTO. AF_09/2023 | E43: M³ | F43: =((5*1.5)+(5*1.2)+(5*1.2)+(10*1.2)+(5*1.2)+(10*1.2)+(5*2))*0.1+((78.4*0.4)*0.1) -> 9.086 | G43: 221.65 | H43: =ROUND(G43+(G43*$I$7),2) -> 284.09 | I43: =ROUND((F43*H43),2) -> 2581.24
A44: 5.3 | B44: SETOP | C44: ED-50540 | D44: REMOÇÃO MANUAL COM REASSENTAMENTO DE CALÇADA PORTUGUESA, INCLUSIVE ARGAMASSA SECA, TIPO FAROFA COM PREPARO MECANIZADO, ASSENTAMENTO EM COLCHÃO DE AREIA E CIMENTO, ESPESSURA DE 6CM, REJUNTAMENTO, ACABAMENTO, AFASTAMENTO E EMPILHAMENTO, EXCLUSIVE TRANSPORTE E RETIRADA DO MATERIAL REMOVIDO NÃO REAPROVEITÁVEL | E44: M² | F44: =(6*3) -> 18 | G44: 83.78 | H44: =ROUND(G44+(G44*$I$7),2) -> 107.38 | I44: =ROUND((F44*H44),2) -> 1932.84
A45: 5.4 | B45: SETOP | C45: ED-48476 | D45: REMOÇÃO MANUAL DE PAVIMENTAÇÃO INTERTRAVADA OU SEXTAVADO EM PRÉ-MOLDADA DE CONCRETO, COM REAPROVEITAMENTO, INCLUSIVE AFESTAMENTO E EMPILHAMENTO, EXCLUSIVE TRANSPORTE E RETIRADA DO MATERIAL REMOVIDO NÃO REAPROVEITÁVEL | E45: M² | F45: =((5*1.5)+(5*1.2)+(5*3)+(10*1.5)+(5*1.2))+(14.7*0.4) -> 55.38 | G45: 14.95 | H45: =ROUND(G45+(G45*$I$7),2) -> 19.16 | I45: =ROUND((F45*H45),2) -> 1061.08
A46: 5.5 | B46: SETOP | C46: ED-51096 | D46: COMPACTAÇÃO MECANIZADA DE ATERRO COM PLACA VIBRATÓRIA, INCLUSIVE ESPALHAMENTO MANUAL | E46: M³ | F46: =20*1.5*0.2 -> 6 | G46: 50.99 | H46: =ROUND(G46+(G46*$I$7),2) -> 65.35 | I46: =ROUND((F46*H46),2) -> 392.1
A47: 5.6 | B47: SINAPI | C47: 94994 | D47: EXECUÇÃO DE PASSEIO (CALÇADA) OU PISO DE CONCRETO COM CONCRETO MOLDADO IN LOCO, FEITO EM OBRA, ACABAMENTO CONVENCIONAL, ESPESSURA 8 CM, ARMADO. AF_08/2022 | E47: M² | F47: =((5*1.5)+(5*1.2)+(5*1.2)+(10*1.2)+(5*1.2)+(10*1.2)+(5*2)) -> 59.5 | G47: 103.07 | H47: =ROUND(G47+(G47*$I$7),2) -> 132.1 | I47: =ROUND((F47*H47),2) -> 7859.95
A48: 5.7 | B48: SETOP | C48: ED-51139 | D48: GUIA DE MEIO-FIO, EM CONCRETO COM FCK 20MPA, PRÉ- MOLDADA, MFC-01 PADRÃO DER-MG, DIMENSÕES (12X16,7X35)CM , EXCLUSIVE SARJETA, INCLUSIVE ESCAVAÇÃO, APILOAMENTO E TRANSPORTE COM RETIRADA DO MATERIAL ESCAVADO (EM CAÇAMBA) | E48: M | F48: 96 | G48: 76.52 | H48: =ROUND(G48+(G48*$I$7),2) -> 98.08 | I48: =ROUND((F48*H48),2) -> 9415.68
A49: 5.8 | B49: SINAPI | C49: 97622 | D49: DEMOLIÇÃO DE ALVENARIA DE BLOCO FURADO, DE FORMA MANUAL, SEM REAPROVEITAMENTO. AF_09/2023 | E49: M³ | F49: =(9.75*0.15*0.4) -> 0.585 | G49: 62.98 | H49: =ROUND(G49+(G49*$I$7),2) -> 80.72 | I49: =ROUND((F49*H49),2) -> 47.22
A50: 5.9 | B50: SETOP | C50: ED-51110 | D50: ESCAVAÇÃO MANUAL DE TERRA (DESATERRO MANUAL), INCLUSIVE DESCARGA LATERAL, EXCLUSIVE RETIRADA E TRANSPORTE DO MATERIAL ESCAVADO | E50: M³ | F50: =((3.05+2.7)*1)*0.4 -> 2.3 | G50: 41.84 | H50: =ROUND(G50+(G50*$I$7),2) -> 53.63 | I50: =ROUND((F50*H50),2) -> 123.35
A51: 5.10 | B51: SINAPI | C51: 96526 | D51: ESCAVAÇÃO MANUAL PARA VIGA BALDRAME OU SAPATA CORRIDA (SEM ESCAVAÇÃO PARA COLOCAÇÃO DE FÔRMAS). AF_01/2024 | E51: M³ | F51: =(9.75*0.2*0.2) -> 0.39 | G51: 215.41 | H51: =ROUND(G51+(G51*$I$7),2) -> 276.09 | I51: =ROUND((F51*H51),2) -> 107.68
A52: 5.11 | B52: SINAPI | C52: 94975 | D52: CONCRETO FCK = 15MPA, TRAÇO 1:3,4:3,5 (EM MASSA SECA DE CIMENTO/ AREIA MÉDIA/ BRITA 1) - PREPARO MANUAL. AF_05/2021 | E52: M³ | F52: =(9.75*0.2*0.2) -> 0.39 | G52: 578.65 | H52: =ROUND(G52+(G52*$I$7),2) -> 741.66 | I52: =ROUND((F52*H52),2) -> 289.25
A53: 5.12 | B53: SINAPI | C53: 89480 | D53: ALVENARIA DE BLOCOS DE CONCRETO ESTRUTURAL 14X19X29 CM (ESPESSURA 14 CM), FBK = 14 MPA, UTILIZANDO COLHER DE PEDREIRO. AF_10/2022 | E53: M² | F53: =9.75*0.4 -> 3.9 | G53: 171.92 | H53: =ROUND(G53+(G53*$I$7),2) -> 220.35 | I53: =ROUND((F53*H53),2) -> 859.37
A54: 5.13 | B54: SETOP | C54: ED-50727 | D54: CHAPISCO COM ARGAMASSA, TRAÇO 1:3 (CIMENTO E AREIA), ESP. 5MM, APLICADO EM ALVENARIA/ESTRUTURA DE CONCRETO COM COLHER, INCLUSIVE ARGAMASSA COM PREPARO MECANIZADO COLHER DE PEDREIRO. ARGAMASSA TRAÇO 1:3 COM PREPARO MANUAL. AF_10/2022 | E54: M² | F54: =((9.75*0.4)+(9.75*0.15)) -> 5.3625 | G54: 9.69 | H54: =ROUND(G54+(G54*$I$7),2) -> 12.42 | I54: =ROUND((F54*H54),2) -> 66.6
A55: 5.14 | B55: SETOP | C55: ED-50761 | D55: REBOCO COM ARGAMASSA, TRAÇO 1:2:8 (CIMENTO, CAL E AREIA), ESP. 20MM, APLICAÇÃO MANUAL, INCLUSIVE ARGAMASSA COM PREPARO MECANIZADO, EXCLUSIVE CHAPISCO | E55: M² | F55: =((9.75*0.4)+(9.75*0.15)) -> 5.3625 | G55: 37.61 | H55: =ROUND(G55+(G55*$I$7),2) -> 48.2 | I55: =ROUND((F55*H55),2) -> 258.47
A56: 5.15 | B56: SETOP | C56: ED-15226 | D56: PISO PODOTÁTIL DE CONCRETO, ALERTA OU DIRECIONAL, APLICADO EM PISO (20X20)CM COM JUNTA SECA, COR VERMELHO/AMARELO, INCLUSIVE ASSENTAMENTO COM ARGAMASSA INDUSTRIALIZADA | E56: M² | F56: =186.2*0.4 -> 74.48 | G56: 110.07 | H56: =ROUND(G56+(G56*$I$7),2) -> 141.08 | I56: =ROUND((F56*H56),2) -> 10507.64
A57: 5.16 | B57: SETOP | C57: ED-51132 | D57: CARGA MECÂNICA DE MATERIAL DE QUALQUER NATUREZA SOBRE CAMINHÃO, EXCLUSIVE TRANSPORTE | E57: M³ | F57: =2.53+9.06+6+0.59+2.3+0.39 -> 20.87 | G57: 3.25 | H57: =ROUND(G57+(G57*$I$7),2) -> 4.17 | I57: =ROUND((F57*H57),2) -> 87.03
A58: 5.17 | B58: SETOP | C58: ED-29231 | D58: TRANSPORTE DE MATERIAL DE QUALQUER NATUREZA EM CAMINHÃO, DISTÂNCIA MAIOR QUE 2KM E MENOR OU IGUAL A 5KM, DENTRO DO PERÍMETRO URBANO, EXCLUSIVE CARGA, INCLUSIVE DESCARGA | E58: M³XKM | F58: =20.87*5 -> 104.35 | G58: 2.56 | H58: =ROUND(G58+(G58*$I$7),2) -> 3.28 | I58: =ROUND((F58*H58),2) -> 342.27
A60: 6.0 | D60: SERVIÇOS DE CONSTRUÇÃO DE FAIXA ELEVADA E RECOMPOSIÇÃO DE PAVIMENTO NO LOCAL DE RETIRADA DE REDUTOR DE VELOCIDADE EM (CBUQ) | I60: =SUM(I61:I68) -> 522126.25
A61: 6.1 | B61: SICRO/ DNIT | C61: 4011212 | D61: VARREDURA DA SUPERFÍCIE PARA AXECUÇÃO DE REVESTIMENTO ASFÁLTICOD58:D64 | E61: M² | F61: =(181.8*8)+118.83 -> 1573.23 | G61: 0.08 | H61: =ROUND(G61+(G61*$I$7),2) -> 0.1 | I61: =ROUND((F61*H61),2) -> 157.32
A62: 6.2 | B62: SINAPI | C62: 102333 | D62: TRANSPORTE COM CAMINHÃO TANQUE DE TRANSPORTE DE MATERIAL ASFÁLTICO DE 20000L, EM VIA URBANA PAVIMENTADA, ADICIONAL PARA DMT EXCEDENTE A 30 KM (UNIDADE: TXKM). AF_07/2020 | E62: T X KM | F62: =0.787*60.03 -> 47.24361 | G62: 0.74 | H62: =ROUND(G62+(G62*$I$7),2) -> 0.95 | I62: =ROUND((F62*H62),2) -> 44.88
A63: 6.3 | B63: SICRO/ DNIT | C63: 4011353 | D63: PINTURA DE LIGAÇÃO (RR-1C) | E63: M² | F63: =F61 -> 1573.23 | G63: 0.46 | H63: =ROUND(G63+(G63*$I$7),2) -> 0.59 | I63: =ROUND((F63*H63),2) -> 928.21
A64: 6.4 | B64: SICRO/ DNIT | C64: 5914612 | D64: TRANSPORTE DE MISTURA BETUMINOSA A QUENTE COM CAMINHÃO COM CAÇAMBA TÉRMICA DE 6 M³ - RODOVIA PAVIMENTADA | E64: TXKM | F64: =F65*2.4*60.03 -> 26394.711 | G64: 0.9 | H64: =ROUND(G64+(G64*$I$7),2) -> 1.15 | I64: =ROUND((F64*H64),2) -> 30353.92
A65: 6.5 | B65: SETOP | C65: 7623 | D65: EXECUÇÃO E APLICAÇÃO DE CONCRETO BETUMINOSO USINADO A QUENTE (CBUQ), MASSA COMERCIAL, INCLUINDO FORNECIMENTO E TRANSPORTE DOS AGREGADOS E MATERIAL BETUMINOSO, EXCLUSIVE TRANSPORTE DA MASSA ASFÁLTICA ATÉ A PISTA | E65: M³ | F65: =((909*0.15)+((3*181.8)/2)*0.15)+5.95 -> 183.205 | G65: 1796.47 | H65: =ROUND(G65+(G65*$I$7),2) -> 2302.54 | I65: =ROUND((F65*H65),2) -> 421836.84
A66: 6.6 | B66: SINAPI | C66: 95631 | D66: ROLO COMPACTADOR VIBRATORIO TANDEM, ACO LISO, POTENCIA 125 HP, PESO SEM/COM LASTRO 10,20/11,65T, LARGURA DE TRABALHO 1,73 M - CHP DIURNO. AF_11/2016 | E66: CHP | F66: 114 | G66: 228.97 | H66: =ROUND(G66+(G66*$I$7),2) -> 293.47 | I66: =ROUND((F66*H66),2) -> 33455.58
A67: 6.7 | B67: SETOP | C67: ED-48552 | D67: CANALETA PARA DRENAGEM, PRÉ-MOLDADA, TIPO MEIA CANA, DIÂMETRO 30CM, EXCLUSIVE TAMPA, INCLUSIVE ASSENTAMENTO EM ARGAMASSA, TRAÇO 1:3 (CIMENTO E AREIA), ESCAVAÇÃO, TRANSPORTE E RETIRADA DO MATERIAL ESCAVADO (EM CAÇAMBA) | E67: M | F67: =((5*2)*19) -> 190 | G67: 96.76 | H67: =ROUND(G67+(G67*$I$7),2) -> 124.02 | I67: =ROUND((F67*H67),2) -> 23563.8
A68: 6.8 | B68: SETOP | C68: ED-48334 | D68: TAMPA EM CONCRETO COM FCK 15MPA, MOLDADA IN LOCO, PARA CANALETA COM LARGURA 30CM, ESP. 8CM, INCLUSIVE ARMAÇÃO CA-50 DIÂMETRO (6,3MM) | E68: M | F68: =((5*2)*19) -> 190 | G68: 48.4 | H68: =ROUND(G68+(G68*$I$7),2) -> 62.03 | I68: =ROUND((F68*H68),2) -> 11785.7
A70: 7.0 | D70: SERVIÇOS DE SINALIZAÇÃO HORIZONTAL E VERTICAL | I70: =SUM(I71:I76) -> 111482.58
A71: 7.1 | B71: SETOP | C71: RO-19845 | D71: PINTURA DE FAIXA COM TINTA ACRÍLICA - ESPESSURA ÚMIDA DE 0,60 MM (INCLUINDO FORNECIMENTO E TRANSPORTE DE TODOS OS MATERIAIS) | E71: M² | F71: =193.2*0.4 -> 77.28 | G71: 7.09 | H71: =ROUND(G71+(G71*$I$7),2) -> 9.09 | I71: =ROUND((F71*H71),2) -> 702.48
A72: 7.2 | B72: SETOP | C72: RO-19855 | D72: PNTURA DE SETAS E ZABRADOS COM TINTA ACRÍLICA - ESOESSURA DE 0,60 MM ( INCLUINDO FORNECIMENTO E TRANSPORTE DE TODOS OS MATERIAIS) | E72: M² | F72: =(0.4*4*179)+((0.8*0.9)/2)*179 -> 350.84 | G72: 20.22 | H72: =ROUND(G72+(G72*$I$7),2) -> 25.92 | I72: =ROUND((F72*H72),2) -> 9093.77
A73: 7.3 | B73: SINAPI | C73: 44478 | D73: MICROESFERAS DE VIDRO PARA SINALIZACAO HORIZONTAL VIARIA, TIPO I-B (PREMIX) - NBR 16184 | E73: KG | F73: =(F71+F72)*0.5 -> 214.06 | G73: 8.66 | H73: =ROUND(G73+(G73*$I$7),2) -> 11.1 | I73: =ROUND((F73*H73),2) -> 2376.07
A74: 7.4 | B74: SICRO/ DNIT | C74: 5213464 | D74: PLACA DE ADVERTÊNCIA EM AÇO, LADO DE 0,60 M - PELÍCULA RETRORREFLETIVA TIPO I + SI - FORNECIMENTO E IMPLANTAÇÃO | E74: UN. | F74: 68 | G74: 283.9 | H74: =ROUND(G74+(G74*$I$7),2) -> 363.87 | I74: =ROUND((F74*H74),2) -> 24743.16
A75: 7.5 | B75: SICRO/ DNIT | C75: 5213440 | D75: PLACA DE REGULAMENTAÇÃO EM AÇO D=0,60 M - PELÍCULA RETRORREFLETIVA TIPO I + SI - FORNECIMENTO E IMPLANTAÇÃO | E75: UN. | F75: 34 | G75: 283.87 | H75: =ROUND(G75+(G75*$I$7),2) -> 363.84 | I75: =ROUND((F75*H75),2) -> 12370.56
A76: 7.6 | B76: SICRO/ DNIT | C76: 5213863 | D76: SUPORTE MATÁLICO GALVANIZADO PARA PLACA DE ADVERTÊNCIA OU REGULAMENTAÇÃO - LADO OU DIÂMETRO DE 0,60 M - FORNECIMENTO E IMPLANTAÇÃO | E76: UN. | F76: =F74+F75 -> 102 | G76: 475.75 | H76: =ROUND(G76+(G76*$I$7),2) -> 609.77 | I76: =ROUND((F76*H76),2) -> 62196.54
A78: 8.0 | D78: SERVIÇOS DE UTILIZAÇÃO DE EQUIPAMENTOS | I78: =SUM(I79:I81) -> 35420.56
A79: 8.1 | B79: SINAPI | C79: 91277 | D79: PLACA VIBRATÓRIA REVERSÍVEL COM MOTOR 4 TEMPOS A GASOLINA, FORÇA CENTRÍFUGA DE 25 KN (2500 KGF), POTÊNCIA 5,5 CV - CHP DIURNO. AF_08/2015 | E79: CHP | F79: ='MEMÓRIA DE CÁLCULO (AF)'!F77 -> 152 | G79: 10.02 | H79: =ROUND(G79+(G79*$I$7),2) -> 12.84 | I79: =ROUND((F79*H79),2) -> 1951.68
A80: 8.2 | B80: SINAPI | C80: 93415 | D80: GERADOR PORTÁTIL MONOFÁSICO, POTÊNCIA 5500 VA, MOTOR A GASOLINA, POTÊNCIA DO MOTOR 13 CV - CHP DIURNO. AF_03/2016 | E80: CHP | F80: 152 | G80: 12.15 | H80: =ROUND(G80+(G80*$I$7),2) -> 15.57 | I80: =ROUND((F80*H80),2) -> 2366.64
A81: 8.3 | B81: SINAPI | C81: 5678 | D81: RETROESCAVADEIRA SOBRE RODAS COM CARREGADEIRA, TRAÇÃO 4X4, POTÊNCIA LÍQ. 88 HP, CAÇAMBA CARREG. CAP. MÍN. 1 M3, CAÇAMBA RETRO CAP. 0,26 M3, PESO OPERACIONAL MÍN. 6.674 KG, PROFUNDIDADE ESCAVAÇÃO MÁX. 4,37 M - CHP DIURNO. AF_06/2014 | E81: CHP | F81: ='MEMÓRIA DE CÁLCULO (AF)'!F79 -> 152 | G81: 159.65 | H81: =ROUND(G81+(G81*$I$7),2) -> 204.62 | I81: =ROUND((F81*H81),2) -> 31102.24
A82: TOTAL GERAL | I82: =I78+I70+I60+I41+I26+I18+I13+I10 -> 766629.6

Sheet MEMÓRIA DE CÁLCULO (AF)
A2: MEMÓRIA DE CÁLCULO DE QUANTITATIVOS
A3: PREFEITURA MUNICIPAL DE PONTE NOVA
A4: OBRA: CONSTRUÇÃO DE FAIXAS ELEVADAS PARA TRAVESSIA DE PEDESTRES EM VIAS URBANAS DO MUNICÍPIO DE PONTE NOVA/MG | F4: FOLHA Nº: | G4: 01/01.
A5: LOCAL: DIVERSAS RUAS DO MUNICÍPIO DE PONTE NOVA/MG | F5: DATA: | G5: =TODAY() -> 46181
A6: REGIÃO/MÊS DE REFERÊNCIAS COM DESONERAÇÃO: TABELA SINAPI-MG JANEIRO/2026 - TABELA SICRO/DNIT-MG OUTUBRO/2025 - TABELA SETOP-MG OUTUBRO/2025 - TABELA SUDECAP-MG OUTUBRO DE 2025 - TABELA ORSE-SE DEZEMBRO/2025
A7: ITEM | B7: FONTE | C7: CÓDIGO | D7: DESCRIÇÃO | E7: UNIDADE | F7: QUANTIDADE | G7: FÓRMULA DO CÁLCULO
A8: 1.0 | D8: SERVIÇOS DE MOBILIZAÇÃO E DESMOLBILIZAÇÃO
A9: 1.1 | B9: SUDECAP | C9: 04.04.01 | D9: MOBILIZAÇÃO E DESMOBILIZAÇÃO DE EQUIPAMENTO | E9: UN. | F9: 1 | G9: Mobilização e desmobilização de equipamentos no início e término de obra
A11: 2.0 | D11: SERVIÇOS DE INSTALAÇÃO DE OBRA
A12: 2.1 | B12: SETOP | C12: ED-28427 | D12: FORNECIMENTO E COLOCAÇÃO DE PLACA DE OBRA EM CHAPA GALVANIZADA #26, ESP. 0,45MM, DIMENSÃO (3X1,5)M, PLOTADA COM ADESIVO VINÍLICO, AFIXADA COM REBITES 4,8X40MM, EM ESTRUTURA METÁLICA DE METALON 20X20MM, ESP. 1,25MM, INCLUSIVE SUPORTE EM EUCALIPTO AUTOCLAVADO PINTADO COM TINTA PVA DUAS (2) DEMÃOS | E12: UN. | F12: 1 | G12: Instalação de placa de obra padrão município de Ponte Nova-MG
A13: 2.2 | B13: SICRO/ DNIT | C13: 5213835 | D13: CONE PLÁSTICO PARA CANALIZAÇÃO DE TRÂNSITO - UTILIZAÇÃO DE 150 CICLOS - FORNECIMENTO, 01 IMPLANTAÇÃO E 01 RETIRADA DIÁRIA | E13: UN.DIA | F13: =19*3*10 -> 570 | G13: Sinalização do local durante a execução das atividades - uso obrigatório UN. = {(19 faixas elevadas x 3 dias/faixa x 10 unidades por dia útil)
A14: 2.3 | B14: ='PLANILHA ORÇAMENTÁRIA (AF)'!B16 -> SICRO/ DNIT | C14: ='PLANILHA ORÇAMENTÁRIA (AF)'!C16 -> 5213850 | D14: ='PLANILHA ORÇAMENTÁRIA (AF)'!D16 -> OPERAÇÃO DE SINALIZAÇÃO POR BANDEIROLA DE TECIDO OU COM PLACA METÁLICA | E14: ='PLANILHA ORÇAMENTÁRIA (AF)'!E16 -> H | F14: =19*8*2 -> 304 | G14: Operação de sinalização por bandeirola de tecido/placa metálica e pare e siga durante a execução de atividades em via de alto fluxo (perímetro urbano principal) do município H = {(19 faixas elevadas x 08h/dia útil x 2 integrantes)}
A16: 3.0 | D16: SERVIÇOS DE DEMOLIÇÃO/REMOÇÃO DE REDUTOR DE VELOCIDADE
A17: 3.1 | B17: ORSE | C17: 11912 | D17: CORTE EM PAVIMENTO ASFÁLTICO/CONCRETO, COM MÁQUINA E DISCO DIAMANTADO - REV 01 | E17: M | F17: =(9.9+10.7+9.6+7.9+7.9+10.7+8)*2 -> 129.4 | G17: Metragem aproximada referente aos trechos em que serão realizadas a demolição de redutores de velocidade, conforme quantitativo total de corte em metro linear. M = {(metragem da largura das vias (m)) x 2 lados dos redutores} M = {(9,90m+10,70m+9,60m+7,90m+7,90m+10,70m+8,00m) x 2L.}
A18: 3.2 | B18: SINAPI | C18: 97636 | D18: DEMOLIÇÃO PARCIAL DE PAVIMENTO ASFÁLTICO, DE FORMA MECANIZADA, SEM REAPROVEITAMENTO. AF_09/2023 | E18: M² | F18: =((9.9*3.7)+((10.7+9.6+7.9+7.9+10.7+8)*1.5)) -> 118.83 | G18: Área aproximada referente aos trechos em que serão realizadas a demolição de redutores de velocidade, conforme quantitativo total de área. A = {(metragem da largura das vias (m)) x largura dos redutores (m)} A = {(9,90mx3,70m)+((10,70m+9,60m+7,90m+7,90m+10,70m+8,00m)x1,5m))}
A19: 3.3 | B19: SINAPI | C19: 101835 | D19: RECOMPOSIÇÃO DE BASE E OU SUB-BASE PARA REMENDO PROFUNDO DE BRITA GRADUADA SIMPLES - INCLUSO RETIRADA E COLOCAÇÃO DO MATERIAL. AF_12/2020 | E19: M³ | F19: =F18*0.2 -> 23.766 | G19: Volume aproximado referente aos trechos em que serão realizadas a recomposição de base da retirada de redutores de velocidade, conforme quantitativo total de áreas e considerando uma altura de 0,20m de base V = {[(metragem da largura das vias (m)) x largura dos redutores (m) x altura da base (m)]} V = (118,83m²x0,20m)
A20: 3.4 | B20: SETOP | C20: ED-51096 | D20: COMPACTAÇÃO MECANIZADA DE ATERRO COM PLACA VIBRATÓRIA, INCLUSIVE ESPALHAMENTO MANUAL | E20: M³ | F20: =F18*0.2 -> 23.766 | G20: Volume aproximado referente aos trechos em que serão realizadas a compactação de base da retirada de redutores de velocidade, conforme quantitativo total de áreas e considerando uma altura de 20cm de base V = {[(metragem da largura das vias (m)) x largura dos redutores (m) x altura da base (m)]} V = (118,83m²x0,20m)
A21: 3.5 | B21: SETOP | C21: ED-51132 | D21: CARGA MECÂNICA DE MATERIAL DE QUALQUER NATUREZA SOBRE CAMINHÃO, EXCLUSIVE TRANSPORTE | E21: M³ | F21: =(F18*0.2)+(F18*0.2) -> 47.532 | G21: Volume aproximado referente aos materiais de demolição da base considerando uma profundidade de 0,20m e materiais que serão utilizados nos trechos em que serão realizadas a recomposição de base da retirada de redutores de velocidade, conforme quantitativo total de áreas e considerando uma altura de 20cm de base V = {[(metragem da largura das vias (m) x largura dos redutores (m)) + ((metragem da largura das vias (m) x largura dos redutores (m)) x altura da base (m)]} V = {[(118,83m²x0,20m)+(118,83m²x0,20m)]}
A22: 3.6 | B22: SETOP | C22: ED-29231 | D22: TRANSPORTE DE MATERIAL DE QUALQUER NATUREZA EM CAMINHÃO, DISTÂNCIA MAIOR QUE 2KM E MENOR OU IGUAL A 5KM, DENTRO DO PERÍMETRO URBANO, EXCLUSIVE CARGA, INCLUSIVE DESCARGA | E22: M³XKM | F22: =F21*5 -> 237.66 | G22: Transporte de material, considerando a área de demolição de trechos da demolição/remoção de redutores de velocidades a capacidade do caminhão e a distância média (DMT - 5,00km). VXKM = {(volume de demolição de todos os materiais) x 5,00km} VXKM = {(47,53m³)x5,00km}
A24: 4.0 | D24: SERVIÇOS DE CONSTRUÇÃO DE CALÇADA RUA ITATIBA
A25: 4.1 | B25: SUDECAP | C25: 02.15.01 | D25: REMOÇÃO DE MEIO-FIO PRÉ-MOLDADO DE CONCRETO | E25: M | F25: 44.2 | G25: Metragem aproximada referente aos trechos em que serão realizadas a remoção de guia meio-fio existente, conforme quantitativo total em metro linear. M = (Metragem de guia meio-fio existente) M = (44,20m)
A26: 4.2 | B26: SETOP | C26: ED-48476 | D26: REMOÇÃO MANUAL DE PAVIMENTAÇÃO INTERTRAVADA OU SEXTAVADO EM PRÉ-MOLDADA DE CONCRETO, COM REAPROVEITAMENTO, INCLUSIVE AFESTAMENTO E EMPILHAMENTO, EXCLUSIVE TRANSPORTE E RETIRADA DO MATERIAL REMOLVIDO NÃO REAPROVEITÁVEL | E26: M² | F26: =45.7*1.5 -> 68.55 | G26: Área aproximada referente ao trecho em que será realizado a remoção de pavimento para construção da calçada, conforme quantitativo total de área. A = {(metragem linear da calçada (m) x largura da calçada (m))} A = {(45,70mx1,50m)}
A27: 4.3 | B27: SINAPI | C27: 104796 | D27: DEMOLIÇÃO DE GUIAS, SARJETAS OU SARJETÕES, DE FORMA MECANIZADA, SEM REAPROVEITAMENTO. AF_09/2023 | E27: M | F27: 44.2 | G27: Metragem aproximada referente aos trechos em que serão realizadas a demolição de sarjeta existente, conforme quantitativo total em metro linear. M = (Metragem de sarjeta existente) M = (44,20m)
A28: 4.4 | B28: SICRO/ DNIT | C28: 4915744 | D28: CAPINA MANUAL | E28: M² | F28: =45.7*1.5 -> 68.55 | G28: Área aproximada referente ao trecho em que será realizado a limpeza para construção da calçada, conforme quantitativo total de área. A = {(metragem linear da calçada (m) x largura da calçada (m))} A = {(45,70mx1,50m)}
A29: 4.5 | B29: SETOP | C29: ED-51139 | D29: GUIA DE MEIO-FIO, EM CONCRETO COM FCK 20MPA, PRÉ-MOLDADA, MFC-01 PADRÃO DER-MG, DIMENSÕES (12X16,7X35)CM, EXCLUSIVE SARJETA, INCLUSIVE ESCAVAÇÃO, APILOAMENTO E TRANSPORTE COM RETIRADA DO MATERIAL ESCAVADO (EM CAÇAMBA) | E29: M | F29: =45.7*2 -> 91.4 | G29: Metragem aproximada referente aos trechos em que serão realizadas a construção de guia meio-fio, conforme quantitativo total em metro linear. M = (Metragem de guia meio-fio) M = (45,70mx2lados)
A30: 4.6 | B30: SETOP | C30: ED-51096 | D30: COMPACTAÇÃO MECANIZADA DE ATERRO COM PLACA VIBRATÓRIA, INCLUSIVE ESPALHAMENTO MANUAL | E30: M³ | F30: =45.7*1.5*0.07 -> 4.7985 | G30: Volume aproximado referente aos trechos em que serão realizadas a recomposição de base da calçada, conforme quantitativo total de áreas e considerando uma altura de 0,07cm de base V = {[(metragem linear da calçada (m)) x largura da calçada (m) x altura da base (m)]} V = {(45,70mx1,50mx0,07M)
A31: 4.7 | B31: SINAPI | C31: 94994 | D31: EXECUÇÃO DE PASSEIO (CALÇADA) OU PISO DE CONCRETO COM CONCRETO MOLDADO IN LOCO, FEITO EM OBRA, ACABAMENTO CONVENCIONAL, ESPESSURA 8 CM, ARMADO. AF_08/2022 | E31: M² | F31: =45.7*1.5 -> 68.55 | G31: Área aproximada referente ao trecho em que será construido a calçada, conforme quantitativo total de áreas e considerando uma altura de 0,08cm de calçada A = {[(metragem linear da calçada (m)) x largura da calçada (m)]} A = {(45,70mx1,50m)
A32: 4.8 | B32: SETOP | C32: ED-15226 | D32: PISO PODOTÁTIL DE CONCRETO, ALERTA OU DIRECIONAL, APLICADO EM PISO (20X20)CM COM JUNTA SECA, COR VERMELHO/AMARELO, INCLUSIVE ASSENTAMENTO COM ARGAMASSA INDUSTRIALIZADA | E32: M² | F32: =45.7*0.2 -> 9.14 | G32: Área aproximada referente ao trecho em que será construido a calçada, conforme quantitativo total de áreas e considerando toda a calçada A = {[(metragem linear da calçada (m)) x largura do piso tátil (m)]} A = {(45,700mx0,20m)}
A33: 4.9 | B33: SINAPI | C33: 94287 | D33: EXECUÇÃO DE SARJETA DE CONCRETO USINADO, MOLDADA IN LOCO EM TRECHO RETO, 30 CM BASE X 10 CM ALTURA. AF_01/2024 | E33: M | F33: 45.7 | G33: Metragem aproximada referente ao trecho em que será realizadas a construção de sarjeta, conforme quantitativo total em metro linear. M = (Metragem de construção de sarjeta) M = (45,70m)
A34: 4.10 | B34: SINAPI | C34: 92221 | D34: TUBO DE CONCRETO PARA REDES COLETORAS DE ÁGUAS PLUVIAIS, DIÂMETRO DE 600 MM, JUNTA RÍGIDA, INSTALADO EM LOCAL COM ALTO NÍVEL DE INTERFERÊNCIAS - FORNECIMENTO E ASSENTAMENTO. AF_03/2024 | E34: M | F34: 2 | G34: Metragem aproximada referente ao trecho em que será realizadas a construção de rede de drenagem, conforme quantitativo total em metro linear. M = (Metragem de construção de sarjeta) M = (2,00m)
A35: 4.11 | B35: SINAPI | C35: 97953 | D35: CAIXA COM GRELHA SIMPLES RETANGULAR, EM ALVENARIA COM BLOCOS DE CONCRETO, DIMENSÕES INTERNAS: 0,5X1X1 M. AF_12/2020 | E35: UN. | F35: 1 | G35: Instalação de caixa com grelha para completa de águas pluviais
A36: 4.12 | B36: SETOP | C36: ED-51132 | D36: CARGA MECÂNICA DE MATERIAL DE QUALQUER NATUREZA SOBRE CAMINHÃO, EXCLUSIVE TRANSPORTE | E36: M³ | F36: =1.17+6.85+1.32+2.05+4.8 -> 16.19 | G36: Volume aproximado referente aos trechos em que serão realizadas a demolição e remoção e material para recomposição de base da construção da calçada, conforme quantitativo total de áreas e considerando uma altura de cada material V = {[(metragem linear da calçada (m)) x largura (m) x altura material (m)]} V = {(meio-fio 44,20(m)x0,0264(m³))+(pavimento 68,55(m²)x0,10(m))+(sarjeta 13,20(m²)x0,10(m))+(capina 68,50(m²)x0,03(m))+(aterro 68,55(m²)x0,07(m))}
A37: 4.13 | B37: SETOP | C37: ED-29231 | D37: TRANSPORTE DE MATERIAL DE QUALQUER NATUREZA EM CAMINHÃO, DISTÂNCIA MAIOR QUE 2KM E MENOR OU IGUAL A 5KM, DENTRO DO PERÍMETRO URBANO, EXCLUSIVE CARGA, INCLUSIVE DESCARGA | E37: M³XKM | F37: =16.19*5 -> 80.95 | G37: Transporte de material, considerando a área de demolição de trechos da construção da calçada a capacidade do caminhão e a distância média (DMT - 5,00km). VXKM = {(volume de demolição de todos os materiais) x 5,00km} VXKM = {(16,19m³)x5,00km}
A39: 5.0 | D39: SERVIÇOS DE ADEQUAÇÃO DE CALÇADA E CANTEIRO CENTRAL PARA CONSTRUÇÃO DE FAIXA ELEVADAS
A40: 5.1 | B40: SUDECAP | C40: 02.15.01 | D40: REMOÇÃO DE MEIO-FIO PRÉ-MOLDADO DE CONCRETO | E40: M | F40: 96 | G40: Metragem aproximada referente aos trechos em que serão realizadas a remoção de guia meio-fio existente para adequação de calçada, conforme quantitativo total em metro linear. M = (Metragem de guia meio-fio existente) M = (96m)
A41: 5.2 | B41: SINAPI | C41: 104789 | D41: DEMOLIÇÃO DE PISO DE CONCRETO SIMPLES, DE FORMA MANUAL, SEM REAPROVEITAMENTO. AF_09/2023 | E41: M³ | F41: =((5*1.5)+(5*1.2)+(5*1.2)+(10*1.2)+(5*1.2)+(10*1.2)+(5*2))*0.1+((78.4*0.4)*0.1) -> 9.086 | G41: Volume aproximado referente aos trechos em que serão realizadas a demolição de materias para adequação da calçada e execução de piso tátil conforme quantitativo total de áreas e considerando uma altura de 0,10cm cada calçada V = {(metragem linear das calçadas (m) x largura da calçada (m)) x altura calçadas demolida (m)} V = {(5,00mx1,50m)+(5,00mx1,20m)+(5,00mx1,20m)+(10,00mx1,20m)+(5,00mx1,20m)+(10,00mx1,20m)+(5,00mx2,00m)x0,10m} V = {(metragem linear das calçadas (m) x largura do piso (m)) x altura calçadas demolida (m)} V = {((78,40mx0,40m)x0,10m}
A42: 5.3 | B42: SETOP | C42: ED-50540 | D42: REMOÇÃO MANUAL COM REASSENTAMENTO DE CALÇADA PORTUGUESA, INCLUSIVE ARGAMASSA SECA, TIPO FAROFA COM PREPARO MECANIZADO, ASSENTAMENTO EM COLCHÃO DE AREIA E CIMENTO, ESPESSURA DE 6CM, REJUNTAMENTO, ACABAMENTO, AFASTAMENTO E EMPILHAMENTO, EXCLUSIVE TRANSPORTE E RETIRADA DO MATERIAL REMOVIDO NÃO REAPROVEITÁVEL | E42: M² | F42: =(6*3) -> 18 | G42: Área aproximado referente ao trecho em que será realizado a demolição de materias para adequação da calçada e execução de piso tátil, conforme quantitativo total de áreas da calçada A = {(metragem linear das calçadas (m)) x largura (m) + ( metragem linear da calçada (m) x (largura do piso (m)} A = {(6,00mx3,00m)}
A43: 5.4 | B43: SETOP | C43: ED-48476 | D43: REMOÇÃO MANUAL DE PAVIMENTAÇÃO INTERTRAVADA OU SEXTAVADO EM PRÉ-MOLDADA DE CONCRETO, COM REAPROVEITAMENTO, INCLUSIVE AFESTAMENTO E EMPILHAMENTO, EXCLUSIVE TRANSPORTE E RETIRADA DO MATERIAL REMOVIDO NÃO REAPROVEITÁVEL | E43: M² | F43: =((5*1.5)+(5*1.2)+(5*3)+(10*1.5)+(5*1.2))+(14.7*0.4) -> 55.38 | G43: Área aproximado referente aos trechos em que serão realizadas a remoção de materias para adequação da calçada e execução de piso tátil, conforme quantitativo total de áreas de cada calçada A= {[(metragem linear das calçadas (m)) x largura (m) x altura calçadas demolida (m) + (14,70 (m) x 0,40 (m)]} A = {(5,00mx1,50m)+(5,00mx1,20m)+(5,00mx3,00m)+(10,00mx1,50m)+(5,00mx1,20m)+(14,70m+0,40m)}
A44: 5.5 | B44: SETOP | C44: ED-51096 | D44: COMPACTAÇÃO MECANIZADA DE ATERRO COM PLACA VIBRATÓRIA, INCLUSIVE ESPALHAMENTO MANUAL | E44: M³ | F44: =20*1.5*0.2 -> 6 | G44: Volume aproximado referente aos trechos em que serão realizadas a recomposição de base da calçada, conforme quantitativo total de áreas e considerando uma altura final de 0,15cm V = {[(metragem linear da calçada (m)) x largura da calçada (m) x altura da calçada (m)]} V = {(20,00mx1,50mx0,20)}
A45: 5.6 | B45: SINAPI | C45: 94994 | D45: EXECUÇÃO DE PASSEIO (CALÇADA) OU PISO DE CONCRETO COM CONCRETO MOLDADO IN LOCO, FEITO EM OBRA, ACABAMENTO CONVENCIONAL, ESPESSURA 8 CM, ARMADO. AF_08/2022 | E45: M² | F45: =((5*1.5)+(5*1.2)+(5*1.2)+(10*1.2)+(5*1.2)+(10*1.2)+(5*2)) -> 59.5 | G45: Área aproximada referente ao trecho em que será adequado as calçadas, conforme quantitativo total de áreas e considerando uma altura de 0,08cm de calçada A = {[(metragem linear da calçada (m)) x largura da calçada (m)]} A = {(5,00mx1,50m)+(5,00mx1,20m)+(5,00mx1,20m)+(10,00mx1,20m)+(5,00mx1,20m)+(10,00mx1,20m)+(5,00mx2,00m)}
A46: 5.7 | B46: SETOP | C46: ED-51139 | D46: GUIA DE MEIO-FIO, EM CONCRETO COM FCK 20MPA, PRÉ- MOLDADA, MFC-01 PADRÃO DER-MG, DIMENSÕES (12X16,7X35)CM , EXCLUSIVE SARJETA, INCLUSIVE ESCAVAÇÃO, APILOAMENTO E TRANSPORTE COM RETIRADA DO MATERIAL ESCAVADO (EM CAÇAMBA) | E46: M | F46: 96 | G46: Metragem aproximada referente aos trechos em que serão realizadas a construção de guia meio-fio para adequação de calçada, conforme quantitativo total em metro linear. M = (Metragem de guia meio-fio existente) M = (96m)
A47: 5.8 | B47: SINAPI | C47: 97622 | D47: DEMOLIÇÃO DE ALVENARIA DE BLOCO FURADO, DE FORMA MANUAL, SEM REAPROVEITAMENTO. AF_09/2023 | E47: M³ | F47: =(9.75*0.15*0.4) -> 0.585 | G47: Volume aproximado referente ao trecho em que será realizada a demolição de mureta do canteiro central, conforme quantitativo total de áreas e considerando uma largura de 0,15m e altura de 0,40cm V = {[(metragem linear da mureta (m)) x largura da mureta (m) x altura da mureta (m)]} V = {(9,75mx0,15mx0,40m)
A48: 5.9 | B48: SETOP | C48: ED-51110 | D48: ESCAVAÇÃO MANUAL DE TERRA (DESATERRO MANUAL), INCLUSIVE DESCARGA LATERAL, EXCLUSIVE RETIRADA E TRANSPORTE DO MATERIAL ESCAVADO | E48: M³ | F48: =((3.05+2.7)*1)*0.4 -> 2.3 | G48: Volume aproximado referente ao trecho em que será realizada a escavação do canteiro central, conforme quantitativo total de áreas e considerando uma largura de 0,15m e altura de 0,40cm V = {[(metragem linear do canteiro (m)) x largura do canteiro (m) x altura do canteiro (m)]} V = {(3,05mx1,00m)+(2,70x1,00m)x0,40m}
A49: 5.10 | B49: SINAPI | C49: 96526 | D49: ESCAVAÇÃO MANUAL PARA VIGA BALDRAME OU SAPATA CORRIDA (SEM ESCAVAÇÃO PARA COLOCAÇÃO DE FÔRMAS). AF_01/2024 | E49: M³ | F49: =(9.75*0.2*0.2) -> 0.39 | G49: Volume aproximado referente ao trecho em que será realizada a construção de mureta do canteiro central, conforme quantitativo total de áreas e considerando uma largura de 0,20m e altura de 0,20cm V = {[(metragem linear da vala (m)) x largura da vala (m) x altura da vala (m)]} V = {(9,75mx0,20mx0,20m)
A50: 5.11 | B50: SINAPI | C50: 94975 | D50: CONCRETO FCK = 15MPA, TRAÇO 1:3,4:3,5 (EM MASSA SECA DE CIMENTO/ AREIA MÉDIA/ BRITA 1) - PREPARO MANUAL. AF_05/2021 | E50: M³ | F50: =(9.75*0.2*0.2) -> 0.39 | G50: Volume aproximado referente ao trecho em que será realizada a construção de mureta do canteiro central, conforme quantitativo total de áreas e considerando uma largura de 0,20m e altura de 0,20cm V = {[(metragem linear da viga (m)) x largura da viga (m) x altura da viga (m)]} V = {(9,75mx0,20mx0,20m)
A51: 5.12 | B51: SINAPI | C51: 89480 | D51: ALVENARIA DE BLOCOS DE CONCRETO ESTRUTURAL 14X19X29 CM (ESPESSURA 14 CM), FBK = 14 MPA, UTILIZANDO COLHER DE PEDREIRO. AF_10/2022 | E51: M² | F51: =9.75*0.4 -> 3.9 | G51: Área aproximado referente ao trecho em que será realizada a construção de mureta do canteiro central, conforme quantitativo total de área e considerando uma altura de 0,40cm A = {(metragem linear da mureta (m)) x altura da mureta (m)} A = {(9,75mx0,40m)
A52: 5.13 | B52: SETOP | C52: ED-50727 | D52: CHAPISCO COM ARGAMASSA, TRAÇO 1:3 (CIMENTO E AREIA), ESP. 5MM, APLICADO EM ALVENARIA/ESTRUTURA DE CONCRETO COM COLHER, INCLUSIVE ARGAMASSA COM PREPARO MECANIZADO COLHER DE PEDREIRO. ARGAMASSA TRAÇO 1:3 COM PREPARO MANUAL. AF_10/2022 | E52: M² | F52: =((9.75*0.4)+(9.75*0.15)) -> 5.3625 | G52: Área aproximado referente ao trecho em que será realizada a construção de mureta do canteiro central, conforme quantitativo total de área e considerando uma altura de 0,40cm e topo de 0,15m A = {(metragem linear da mureta (m)) x altura da mureta (m)} A = {(9,75mx0,40m)+(9,75mx0,15m)}
A53: 5.14 | B53: SETOP | C53: ED-50761 | D53: REBOCO COM ARGAMASSA, TRAÇO 1:2:8 (CIMENTO, CAL E AREIA), ESP. 20MM, APLICAÇÃO MANUAL, INCLUSIVE ARGAMASSA COM PREPARO MECANIZADO, EXCLUSIVE CHAPISCO | E53: M² | F53: =((9.75*0.4)+(9.75*0.15)) -> 5.3625 | G53: Área aproximado referente ao trecho em que será realizada a construção de mureta do canteiro central, conforme quantitativo total de área e considerando uma altura de 0,40cm e topo de 0,15m A = {(metragem linear da mureta (m)) x altura da mureta (m)} A = {(9,75mx0,40m)+(9,75mx0,15m)}
A54: 5.15 | B54: SETOP | C54: ED-15226 | D54: PISO PODOTÁTIL DE CONCRETO, ALERTA OU DIRECIONAL, APLICADO EM PISO (20X20)CM COM JUNTA SECA, COR VERMELHO/AMARELO, INCLUSIVE ASSENTAMENTO COM ARGAMASSA INDUSTRIALIZADA | E54: M² | F54: =186.2*0.4 -> 74.48 | G54: Área aproximado referente ao trecho em que será realizada a construção de adequação das caçadas com piso tátil, conforme quantitativo total de área e considerando todas as 38 calçadas onde serão construidas as faixas elevadas A = {(metragem linear de piso tátil (m)) x largura do piso tátil(m) x quantidade de faixa elevadas( un.)} A = {(186,20mx0,40m)}
A55: 5.16 | B55: SETOP | C55: ED-51132 | D55: CARGA MECÂNICA DE MATERIAL DE QUALQUER NATUREZA SOBRE CAMINHÃO, EXCLUSIVE TRANSPORTE | E55: M³ | F55: =2.53+9.06+6+0.59+2.3+0.39 -> 20.87 | G55: Volume aproximado referente aos trechos em que serão realizadas a demolição remoção de materias e material para recomposição de base da construção da calçada, conforme quantitativo total de áreas e considerando uma altura de cada material V = {[(metragem linear da calçada (m)) x largura (m) x altura material (m)]} V = {(meio-fio 2,53(m³))+(piso 9,06(m³))+(base 6,00(m³))+(alveneria 0,59(m³))+(desaterro 2,30(m³)+(vga baldrame 0,39(m³))}
A56: 5.17 | B56: SETOP | C56: ED-29231 | D56: TRANSPORTE DE MATERIAL DE QUALQUER NATUREZA EM CAMINHÃO, DISTÂNCIA MAIOR QUE 2KM E MENOR OU IGUAL A 5KM, DENTRO DO PERÍMETRO URBANO, EXCLUSIVE CARGA, INCLUSIVE DESCARGA | E56: M³XKM | F56: =20.87*5 -> 104.35 | G56: Transporte de material, considerando a área de demolição de trechos da construção da calçada a capacidade do caminhão e a distância média (DMT - 5,00km). VXKM = {(volume de demolição de todos os materiais) x 5,00km} VXKM = {(20,87m³)x5,00km}
A58: 6.0 | D58: SERVIÇOS DE CONSTRUÇÃO DE FAIXA ELEVADA E RECOMPOSIÇÃO DE PAVIMENTO NO LOCAL DE RETIRADA DE REDUTOR DE VELOCIDADE
A59: 6.1 | B59: SICRO/ DNIT | C59: 4011212 | D59: VARREDURA DA SUPERFÍCIE PARA AXECUÇÃO DE REVESTIMENTO ASFÁLTICOD58:D64 | E59: M² | F59: =(181.8*8)+118.83 -> 1573.23 | G59: Área aproximada referente aos trechos em que serão realizadas a construção das faixas elevadas, conforme quantitativo total de 19 faixas elevadas e área de demolição de redutores de velocidade A = {(Largura das vias (m) x largura total de cada faixa elevada (m) + áreas dos redutores (m²)} A = {(13,90m+13,90m+8,00m+7,40m+6,90m+15,40m+9,30m+5,70m+10,10m+9,00m+12,90m+7,30m+10,10m+7,20m+14,30m+7,60m+7,40m+5,20m+10,20m)x8,00m + (118,83m²)}
A60: 6.2 | B60: SINAPI | C60: 102333 | D60: TRANSPORTE COM CAMINHÃO TANQUE DE TRANSPORTE DE MATERIAL ASFÁLTICO DE 20000L, EM VIA URBANA PAVIMENTADA, ADICIONAL PARA DMT EXCEDENTE A 30 KM (UNIDADE: TXKM). AF_07/2020 | E60: T X KM | F60: =0.787*60.03 -> 47.24361 | G60: Transporte de material betuminoso, considerando a área da via a receber a pintura de ligação, o consumo médio e a densidade de RR-1C, a capacidade do caminhão e a distância média (DMT - 60,03km). V = (Área x Consumo Médio RR-1C) V = 1573,23 m² x 0,5 L/m² = 786,61 L P = (Volume x Densidade Média RR-1C) P = 786,61 L x 1,0 kg/L = 786,60 kg = 0,787 T
A61: 6.3 | B61: SICRO/ DNIT | C61: 4011353 | D61: PINTURA DE LIGAÇÃO (RR-1C) | E61: M² | F61: =F59 -> 1573.23 | G61: Área aproximada referente aos trechos em que serão realizadas a construção das faixas elevadas, conforme quantitativo total de 19 faixas elevadas e áreas dos redutores de velocidade A = {(Largura das vias (m) x largura total de cada faixa elevada (m) + área dos redutores de velocidade)} A = {(13,90m+13,90m+8,00m+7,40m+6,90m+15,40m+9,30m+5,70m+10,10m+9,00m+12,90m+7,30m+10,10m+7,20m+14,30m+7,60m+7,40m+5,20m+10,20m)x8,00m + (118,83}
A62: 6.4 | B62: SICRO/ DNIT | C62: 5914612 | D62: TRANSPORTE DE MISTURA BETUMINOSA A QUENTE COM CAMINHÃO COM CAÇAMBA TÉRMICA DE 6 M³ - RODOVIA PAVIMENTADA | E62: TXKM | F62: =F63*2.4*60.03 -> 26394.711 | G62: Transporte do CBUQ até a pista = (Volume x 2,40t/m³ x DMT) CBUQ até a pista = 177,26m³ x 2,40t/m³ x 60,03km *Para cálculo do DMT, considerou-se a distância média entre 3 pontos de fornecimento, conforme memória de cálculo em anexo (DMT = 60,03km)
A63: 6.5 | B63: SETOP | C63: ED-7623 | D63: EXECUÇÃO E APLICAÇÃO DE CONCRETO BETUMINOSO USINADO A QUENTE (CBUQ), MASSA COMERCIAL, INCLUINDO FORNECIMENTO E TRANSPORTE DOS AGREGADOS E MATERIAL BETUMINOSO, EXCLUSIVE TRANSPORTE DA MASSA ASFÁLTICA ATÉ A PISTA | E63: M³ | F63: =((909*0.15)+((3*181.8)/2)*0.15)+5.95 -> 183.205 | G63: Volume de execução e aplicação do CBUQ (esp. plataforma de = 0,15m + rampa triangular) + volume demolição de redutores de velocidade, considerando compactação com rolo vibratório tandem aço liso. V = {(Área total das plataformas das faixas elevadas (m²) x Espessura plataforma (m)) V = {(909,00 m²) x 0,15m} V = {(Comprimento das rampas das faixas elevadas (m) x Largura das vias(m) / 2) x (altura das rampas (m) + volume dos redutores)} V = {((3,00 mx181,80m)/2) x 0,15m)+( 5,95m³)}
A64: 6.6 | B64: SINAPI | C64: 95631 | D64: ROLO COMPACTADOR VIBRATORIO TANDEM, ACO LISO, POTENCIA 125 HP, PESO SEM/COM LASTRO 10,20/11,65T, LARGURA DE TRABALHO 1,73 M - CHP DIURNO. AF_11/2016 | E64: CHP | F64: =19*6 -> 114 | G64: Horas de utilização de máquina para compactação do pavimento aplicado (com utilização do rolo compactador) - 06h/dia útil durante período de execução de cada faixa elevada H = {(19 faixas elevadas x 6 horas/dia)}
A65: 6.7 | B65: SETOP | C65: ED-48552 | D65: CANALETA PARA DRENAGEM, PRÉ-MOLDADA, TIPO MEIA CANA, DIÂMETRO 30CM, EXCLUSIVE TAMPA, INCLUSIVE ASSENTAMENTO EM ARGAMASSA, TRAÇO 1:3 (CIMENTO E AREIA), ESCAVAÇÃO, TRANSPORTE E RETIRADA DO MATERIAL ESCAVADO (EM CAÇAMBA) | E65: M | F65: =((5*2)*19) -> 190 | G65: Metragem aproximada referente aos trechos em que serão realizadas as construções de sarjetas para passagem de águas pluviais, conforme quantitativo total em metro linear. M = {(Metragem da sarjeta(m)x2lados)x(19 faixas elevadas)} M = {(5,00mx2l) x 19 faixas elevadas)}
A66: 6.8 | B66: SETOP | C66: ED-48334 | D66: TAMPA EM CONCRETO COM FCK 15MPA, MOLDADA IN LOCO, PARA CANALETA COM LARGURA 30CM, ESP. 8CM, INCLUSIVE ARMAÇÃO CA-50 DIÂMETRO (6,3MM) | E66: M | F66: =((5*2)*19) -> 190 | G66: Metragem aproximada referente aos trechos em que serão realizadas as construções de sarjetas para passagem de águas pluviais, conforme quantitativo total em metro linear. M = {(Metragem da sarjeta(m)x2lados)x(19 faixas elevadas)} M = {(5,00mx2l) x 19 faixas elevadas)}
A68: 7.0 | D68: SERVIÇOS DE SINALIZAÇÃO HORIZONTAL E VERTICAL DAS FAIXAS ELEVADAS
A69: 7.1 | B69: SETOP | C69: RO-19845 | D69: PINTURA DE FAIXA COM TINTA ACRÍLICA - ESPESSURA ÚMIDA DE 0,60 MM (INCLUINDO FORNECIMENTO E TRANSPORTE DE TODOS OS MATERIAIS) | E69: M² | F69: =193.2*0.4 -> 77.28 | G69: Área aproximada referente aos trechos em que serão realizadas a pintura das faixas de retenção, conforme quantitativo total em metro quadrado A = {[(Comprimento das vias (m) x Largura da faixas (m)]} A = {[(193,20mx0,40m)]}
A70: 7.2 | B70: SETOP | C70: RO-19855 | D70: PNTURA DE SETAS E ZABRADOS COM TINTA ACRÍLICA - ESOESSURA DE 0,60 MM ( INCLUINDO FORNECIMENTO E TRANSPORTE DE TODOS OS MATERIAIS) | E70: M² | F70: =(0.4*4*179)+((0.8*0.9)/2)*179 -> 350.84 | G70: Área aproximada referente aos trechos em que serão realizadas a pintura das faixas de pedestres, conforme quantitativo total em metro quadrado A = {[(Largura zebrado (m) x comprimento da zebrado (m) x quantidade de zebados pintada (un.)]} A = {[(0,40mx4,00m)x179un.]} A = {[((base seta (m) x altura da seta (m)/2) x quantidade de setas pintada (un.)]} A = {[((0,80mx0,90m)/2)x179un.]}
A71: 7.3 | B71: SINAPI | C71: 44478 | D71: MICROESFERAS DE VIDRO PARA SINALIZACAO HORIZONTAL VIARIA, TIPO I-B (PREMIX) - NBR 16184 | E71: KG | F71: =(F69+F70)*0.5 -> 214.06 | G71: Kilograma aproximada referente a aplicação sobre as pinturas das faixas, setas e zebrados das sinalizações horizontais nos trechos em que serão realizadas as construções das faixas elevadas, conforme quantitativo total em unidades KG = {(área pintura de faixa (m²) + área de pintura de setas e zebrados (m²) x consumo de material /m²)} KG = {(77,28 (m²)+350,84 (m²)x0,5K/m²)}
A72: 7.4 | B72: SICRO/ DNIT | C72: 5213464 | D72: PLACA DE ADVERTÊNCIA EM AÇO, LADO DE 0,60 M - PELÍCULA RETRORREFLETIVA TIPO I + SI - FORNECIMENTO E IMPLANTAÇÃO | E72: UN. | F72: 68 | G72: Quantidade aproximada referente as placas de sinalização vertical nos trechos em que serão realizadas as construções das faixas elevadas, conforme quantitativo total em unidades UN. = {(Quantidade placas(un.)} M = {(68 un.)}
A73: 7.5 | B73: SICRO/ DNIT | C73: 5213440 | D73: PLACA DE REGULAMENTAÇÃO EM AÇO D=0,60 M - PELÍCULA RETRORREFLETIVA TIPO I + SI - FORNECIMENTO E IMPLANTAÇÃO | E73: UN. | F73: 34 | G73: Quantidade aproximada referente as placas de sinalização vertical nos trechos em que serão realizadas as construções das faixas elevadas, conforme quantitativo total em unidades UN. = {(Quantidade placas(un.)} M = {(34 un.)}
A74: 7.6 | B74: SICRO/ DNIT | C74: 5213863 | D74: SUPORTE MATÁLICO GALVANIZADO PARA PLACA DE ADVERTÊNCIA OU REGULAMENTAÇÃO - LADO OU DIÂMETRO DE 0,60 M - FORNECIMENTO E IMPLANTAÇÃO | E74: UN. | F74: =F72+F73 -> 102 | G74: Quantidade de suporte aproximada referente as placas de sinalização vertical nos trechos em que serão realizadas as construções das faixas elevadas, conforme quantitativo total em unidades UN. = {(Quantidade placas(un.)} M = {(68 um. + 34 un.)}
A76: 8.0 | D76: ='PLANILHA ORÇAMENTÁRIA (AF)'!D78 -> SERVIÇOS DE UTILIZAÇÃO DE EQUIPAMENTOS
A77: 8.1 | B77: ='PLANILHA ORÇAMENTÁRIA (AF)'!B79 -> SINAPI | C77: ='PLANILHA ORÇAMENTÁRIA (AF)'!C79 -> 91277 | D77: ='PLANILHA ORÇAMENTÁRIA (AF)'!D79 -> PLACA VIBRATÓRIA REVERSÍVEL COM MOTOR 4 TEMPOS A GASOLINA, FORÇA CENTRÍFUGA DE 25 KN (2500 KGF), POTÊNCIA 5,5 CV - CHP DIURNO. AF_08/2015 | E77: ='PLANILHA ORÇAMENTÁRIA (AF)'!E79 -> CHP | F77: =19*8 -> 152 | G77: Horas de utilização de máquina para compactação do pavimento aplicado (com utilização de placa fibratória) - 08h/dia útil durante período de execução das faixas elevadas H = {(19 faixas elevadas x 8 horas/dia)}
A78: 8.2 | B78: SINAPI | C78: 93415 | D78: GERADOR PORTÁTIL MONOFÁSICO, POTÊNCIA 5500 VA, MOTOR A GASOLINA, POTÊNCIA DO MOTOR 13 CV - CHP DIURNO. AF_03/2016 | E78: CHP | F78: =19*8 -> 152 | G78: Horas de utilização de gerador de energia elétrica para auxílio nos serviços da construção das faixas elevadas - 08h/dia útil durante período de execução dos serviços H = {(19 faixas elevadas x 8 horas /dia
A79: 8.3 | B79: ='PLANILHA ORÇAMENTÁRIA (AF)'!B81 -> SINAPI | C79: ='PLANILHA ORÇAMENTÁRIA (AF)'!C81 -> 5678 | D79: ='PLANILHA ORÇAMENTÁRIA (AF)'!D81 -> RETROESCAVADEIRA SOBRE RODAS COM CARREGADEIRA, TRAÇÃO 4X4, POTÊNCIA LÍQ. 88 HP, CAÇAMBA CARREG. CAP. MÍN. 1 M3, CAÇAMBA RETRO CAP. 0,26 M3, PESO OPERACIONAL MÍN. 6.674 KG, PROFUNDIDADE ESCAVAÇÃO MÁX. 4,37 M - CHP DIURNO. AF_06/2014 | E79: ='PLANILHA ORÇAMENTÁRIA (AF)'!E81 -> CHP | F79: =19*8 -> 152 | G79: Horas de utilização de máquina (retroescavadeira) para auxílio nos serviços da construção das faixas elevadas - 08h/dia útil durante período de execução dos serviços H = {(19 faixas elevadas x 8 horas /dia

Sheet CRONOGRAMA
A2: CRONOGRAMA FÍSICO-FINANCEIRO
A3: PREFEITURA: PREFEITURA MUNICIPAL DE PONTE NOVA | N3: FOLHA Nº: 1/1
A4: ='PLANILHA ORÇAMENTÁRIA (AF)'!A4:E4 -> OBRA: CONSTRUÇÃO DE FAIXAS ELEVADAS PARA TRAVESSIA DE PEDESTRES EM VIAS URBANAS DO MUNICÍPIO DE PONTE NOVA/MG | N4: DATA: 30/04/2026
A5: ='PLANILHA ORÇAMENTÁRIA (AF)'!A5:E5 -> LOCAL: DIVERSAS RUAS DO MUNICÍPIO DE PONTE NOVA/MG | N5: FORMA DE EXECUÇÃO:
A6: ='PLANILHA ORÇAMENTÁRIA (AF)'!A6:E6 -> REGIÃO/MÊS DE REFERÊNCIA COM DESONERAÇÃO: TABELA SINAPI-MG - JANEIRO/2026 - TABELA SICRO/DNIT-MG - OUTUBRO/2025 - TABELA SETOP-MG - OUTUBRO/2025 - TABELA SUDECAP-MG - OUTUBRO/2025 - TABELA ORSE-SE - DEZEMBRO/2025 | M6: ( ) DIRETA | O6: ( X ) INDIRETA
A7: =[2]ORÇAMENTO!A7 -> PRAZO DE EXECUÇÃO: 12 MESES | O7: LDI | P7: =[2]ORÇAMENTO!I7 -> 0.2817
A8: ITEM | B8: ETAPAS/DESCRIÇÃO | C8: FÍSICO/ FINANCEIRO | D8: TOTAL ETAPAS | E8: MÊS 1 | F8: MÊS 2 | G8: MÊS 3 | H8: MÊS 4 | I8: MÊS 5 | J8: MÊS 6 | K8: MÊS 7 | L8: MÊS 8 | M8: MÊS 9 | N8: MÊS 10 | O8: MÊS 11 | P8: MÊS 12
A9: 1 | B9: Av. Custódio Silva - 13,90m | C9: Físico % | D9: =D10/D48 -> 0.073716689 | E9: 1
C10: Financeiro | D10: =LEVANTAMENTOS!J2 -> 56513.396 | E10: =$D$10*E9 -> 56513.396
A11: 2 | B11: Av. Custódio Silva - 13,90m | C11: Físico % | D11: =D12/D48 -> 0.073716689 | E11: 1
C12: Financeiro | D12: =LEVANTAMENTOS!J3 -> 56513.396 | E12: =D12/E11 -> 56513.396
A13: 3 | B13: Av. Doutor Artur Bernades - 8,00m | C13: Físico % | D13: =D14/D48 -> 0.042426871 | G13: 1
C14: Financeiro | D14: =LEVANTAMENTOS!J4 -> 32525.695 | G14: =$D$14*G13 -> 32525.695
A15: 4 | B15: Av. Doutor Artur Bernades - 7,40m | C15: Físico % | D15: =D16/D48 -> 0.039244856 | G15: 1
C16: Financeiro | D16: =LEVANTAMENTOS!J5 -> 30086.268 | G16: =D16/G15 -> 30086.268
A17: 5 | B17: Rua Euclides Cunha - 6,90m | C17: Físico % | D17: =D18/D48 -> 0.036593177 | F17: 1
C18: Financeiro | D18: =LEVANTAMENTOS!J6 -> 28053.412 | F18: =D18/F17 -> 28053.412
A19: 6 | B19: Prç. José Emiliano dias - 15,40m | C19: Físico % | D19: =D20/D48 -> 0.081671728 | F19: 1
C20: Financeiro | D20: =LEVANTAMENTOS!J7 -> 62611.964 | F20: =D20/F19 -> 62611.964
A21: 7 | B21: Rua Santo Antônio - 9,30m | C21: Físico % | D21: =D22/D48 -> 0.049321238 | H21: 1
C22: Financeiro | D22: =LEVANTAMENTOS!J8 -> 37811.121 | H22: =D22/H21 -> 37811.121
A23: 8 | B23: Rua Itatiba + Calçada - 5,70m | C23: Físico % | D23: =D24/$D$48 -> 0.066078492 | H23: 0.5 | I23: 0.5
C24: Financeiro | D24: =LEVANTAMENTOS!J9 -> 50657.728 | H24: =(D24/2)/H23/2 -> 25328.864 | I24: =(D24/2)/I23/2 -> 25328.864
A25: 9 | B25: Rua Assad Zaidan - 10,10m | C25: Físico % | D25: =D26/$D$48 -> 0.053563925 | H25: 1
C26: Financeiro | D26: =LEVANTAMENTOS!J10 -> 41063.691 | H26: =D26/H25 -> 41063.691
A27: 10 | B27: Av. Getulio Vargas - 9,00m | C27: Físico % | D27: =D28/$D$48 -> 0.04773023 | J27: 1
C28: Financeiro | D28: =LEVANTAMENTOS!J11 -> 36591.407 | J28: =D28/J27 -> 36591.407
A29: 11 | B29: Praça Cid Martins Soares - 12,90m | C29: Físico % | D29: =D30/$D$48 -> 0.06841333 | J29: 1
C30: Financeiro | D30: =LEVANTAMENTOS!J12 -> 52447.684 | J30: =D30/J29 -> 52447.684
A31: 12 | B31: Rua Carangola - 7,30m | C31: Físico % | D31: =D32/$D$48 -> 0.03871452 | I31: 1
C32: Financeiro | D32: =LEVANTAMENTOS!J13 -> 29679.697 | I32: =D32/I31 -> 29679.697
A33: 13 | B33: Rua Luiz Martins Soares Sobrimho - 10,10m | C33: Físico % | D33: =D34/$D$48 -> 0.053563925 | K33: 1
C34: Financeiro | D34: =LEVANTAMENTOS!J14 -> 41063.691 | K34: =D34/K33 -> 41063.691
A35: 14 | B35: Rua Tocantins - 7,20m | C35: Físico % | D35: =D36/$D$48 -> 0.038184184 | K35: 1
C36: Financeiro | D36: =LEVANTAMENTOS!J15 -> 29273.126 | K36: =D36/K35 -> 29273.126
A37: 15 | B37: Rua Santa Terezinha - 14,30m | C37: Físico % | D37: =D38/$D$48 -> 0.075838033 | L37: 0.5 | M37: 0.5
C38: Financeiro | D38: =LEVANTAMENTOS!J16 -> 58139.681 | L38: =(D38/2)/L37/2 -> 29069.84 | M38: =$D$38*M37 -> 29069.84
A39: 16 | B39: Av. Antônio Brand Ribeiro - 7,60m | C39: Físico % | D39: =D40/$D$48 -> 0.040305528 | M39: 1
C40: Financeiro | D40: =LEVANTAMENTOS!J17 -> 30899.411 | M40: =D40/M39 -> 30899.411
A41: 17 | B41: Rua Ernesto Trivelato - 7,40m | C41: Físico % | D41: =D42/$D$48 -> 0.039244856 | N41: 1
C42: Financeiro | D42: =LEVANTAMENTOS!J18 -> 30086.268 | N42: =D42/N41 -> 30086.268
A43: 18 | B43: Rua Dona Eugênia Teixeira Bráulio - 5,20m | C43: Físico % | D43: =D44/$D$48 -> 0.027577466 | O43: 1
C44: Financeiro | D44: =LEVANTAMENTOS!J19 -> 21141.702 | O44: =D44/O43 -> 21141.702
A45: 19 | B45: Av. Vereador João Evangelista - 10,20m | C45: Físico % | D45: =D46/$D$48 -> 0.054094261 | P45: 1
C46: Financeiro | D46: =LEVANTAMENTOS!J20 -> 41470.262 | P46: =D46/P45 -> 41470.262
A47: TOTAL | C47: Físico % | D47: =D9+D11+D13+D15+D17+D19+D21+D23+D25+D27+D29+D31+D33+D35+D37+D39+D41+D43+D45 -> 1 | E47: =E48/$D$48 -> 0.14743338 | F47: =F48/$D$48 -> 0.1182649 | G47: =G48/$D$48 -> 0.081671728 | H47: =H48/$D$48 -> 0.13592441 | I47: =I48/$D$48 -> 0.071753766 | J47: =J48/$D$48 -> 0.11614356 | K47: =K48/$D$48 -> 0.09174811 | L47: =L48/$D$48 -> 0.037919016 | ... P47: =P48/$D$48 -> 0.054094261
C48: Financeiro | D48: =D10+D12+D14+D16+D18+D20+D22+D24+D26+D28+D30+D32+D34+D36+D38+D40+D42+D44+D46 -> 766629.6 | E48: =E12+E10 -> 113026.79 | F48: =F20+F18 -> 90665.376 | G48: =G16+G14 -> 62611.964 | H48: =H26+H24+H22 -> 104203.68 | I48: =I32+I24 -> 55008.561 | J48: =J30+J28 -> 89039.091 | K48: =K36+K34 -> 70336.816 | L48: =L38 -> 29069.84 | M48: =M40+M38 -> 59969.251 | N48: =N42 -> 30086.268 | O48: =O44 -> 21141.702 | P48: =P46 -> 41470.262

Sheet DMT
B2: DELIMITAÇÃO DO DMT MÉDIO (FORNECIMENTO DE MATERIAL BETUMINOSO)
B37: DELIMITAÇÃO DO DMT MÉDIO (FORNECIMENTO DE MATERIAL BETUMINOSO)
B72: DELIMITAÇÃO DO DMT MÉDIO (FORNECIMENTO DE MATERIAL BETUMINOSO)
B83: DMT MÉDIO = (76,90 + 39,60 + 63,60)KM/3 = 60,03 KM

Sheet CURVA ABC
A2: PLANILHA CURVA ABC | J2: CURVA ABC
A3: PREFEITURA MUNICIPAL DE PONTE NOVA | F3: FOLHA Nº: | H3: 01/01.
A4: ='MEMÓRIA DE CÁLCULO (AF)'!A4:E4 -> OBRA: CONSTRUÇÃO DE FAIXAS ELEVADAS PARA TRAVESSIA DE PEDESTRES EM VIAS URBANAS DO MUNICÍPIO DE PONTE NOVA/MG | F4: DATA: | H4: =TODAY() -> 46181
A5: ='MEMÓRIA DE CÁLCULO (AF)'!A5:E5 -> LOCAL: DIVERSAS RUAS DO MUNICÍPIO DE PONTE NOVA/MG | F5: FORMA DE EXECUÇÃO:
A6: REGIÃO/MÊS DE REFERÊNCIA COM DESONERAÇÃO: TABELA SINAPI-MG - JANEIRO/2026 - TABELA SICRO/DNIT-MG - OUTUBRO/2025 - TABELA SETOP-MG - OUTUBRO/2025 - TABELA SUDECAP-MG - OUTUBRO/2025 - TABELA ORSE-SE - DEZEMBRO/2025 | F6: ( ) | G6: DIRETA | H6: ( X ) | I6: INDIRETA
A7: COMPOSIÇÃO DE BDI - EM ANEXO, OBTIDO DO ACÓRDÃO 2622/2013, DO TRIBUNAL DE CONTAS DA UNIÃO - TCU (CONSTRUÇÃO DE RODOVIAS E FERROVIAS) - QUARTIL MÉDIO. | F7: % ISS MUNICIPAL: | G7: 0.03 | H7: BDI: | I7: =BDI!D27 -> 0.2817
A9: ITEM | B9: FONTE | C9: CÓDIGO | D9: DESCRIÇÃO | E9: UNIDADE | F9: QUANTIDADE | G9: PREÇO UNITÁRIO S/ BDI | H9: PREÇO UNITÁRIO C/ BDI | I9: PREÇO TOTAL | J9: % | K9: %ACUMULADA | L9: CLASSE
A10: 6.5 | B10: SETOP | C10: 7623 | D10: EXECUÇÃO E APLICAÇÃO DE CONCRETO BETUMINOSO USINADO A QUENTE (CBUQ), MASSA COMERCIAL, INCLUINDO FORNECIMENTO E TRANSPORTE DOS AGREGADOS E MATERIAL BETUMINOSO, EXCLUSIVE TRANSPORTE DA MASSA ASFÁLTICA ATÉ A PISTA | E10: M³ | F10: =((909*0.15)+((3*181.8)/2)*0.15)+5.95 -> 183.205 | G10: 1796.47 | H10: =ROUND(G10+(G10*$I$7),2) -> 2302.54 | I10: =ROUND((F10*H10),2) -> 421836.84 | J10: =I10/$I$67 -> 0.55024857 | K10: =J10 -> 0.55024857 | L10: =IF(K10<=$C$71,$B$71,IF(K10<=$C$72,$B$72,$B$73)) -> A
A11: 7.6 | B11: SICRO/ DNIT | C11: 5213863 | D11: SUPORTE MATÁLICO GALVANIZADO PARA PLACA DE ADVERTÊNCIA OU REGULAMENTAÇÃO - LADO OU DIÂMETRO DE 0,60 M - FORNECIMENTO E IMPLANTAÇÃO | E11: UN. | F11: 102 | G11: 475.75 | H11: =ROUND(G11+(G11*$I$7),2) -> 609.77 | I11: =ROUND((F11*H11),2) -> 62196.54 | J11: =I11/$I$67 -> 0.081129844 | K11: =J11+K10 -> 0.63137841 | L11: =IF(K11<=$C$71,$B$71,IF(K11<=$C$72,$B$72,$B$73)) -> A
A12: 6.6 | B12: SINAPI | C12: 95631 | D12: ROLO COMPACTADOR VIBRATORIO TANDEM, ACO LISO, POTENCIA 125 HP, PESO SEM/COM LASTRO 10,20/11,65T, LARGURA DE TRABALHO 1,73 M - CHP DIURNO. AF_11/2016 | E12: CHP | F12: 114 | G12: 228.97 | H12: =ROUND(G12+(G12*$I$7),2) -> 293.47 | I12: =ROUND((F12*H12),2) -> 33455.58 | J12: =I12/$I$67 -> 0.043639823 | K12: =J12+K11 -> 0.67501824 | L12: =IF(K12<=$C$71,$B$71,IF(K12<=$C$72,$B$72,$B$73)) -> A
A13: 8.3 | B13: SINAPI | C13: 5678 | D13: RETROESCAVADEIRA SOBRE RODAS COM CARREGADEIRA, TRAÇÃO 4X4, POTÊNCIA LÍQ. 88 HP, CAÇAMBA CARREG. CAP. MÍN. 1 M3, CAÇAMBA RETRO CAP. 0,26 M3, PESO OPERACIONAL MÍN. 6.674 KG, PROFUNDIDADE ESCAVAÇÃO MÁX. 4,37 M - CHP DIURNO. AF_06/2014 | E13: CHP | F13: ='MEMÓRIA DE CÁLCULO (AF)'!F79 -> 152 | G13: 159.65 | H13: =ROUND(G13+(G13*$I$7),2) -> 204.62 | I13: =ROUND((F13*H13),2) -> 31102.24 | J13: =I13/$I$67 -> 0.040570101 | K13: =J13+K12 -> 0.71558834 | L13: =IF(K13<=$C$71,$B$71,IF(K13<=$C$72,$B$72,$B$73)) -> A
A14: 6.4 | B14: SICRO/ DNIT | C14: 5914612 | D14: TRANSPORTE DE MISTURA BETUMINOSA A QUENTE COM CAMINHÃO COM CAÇAMBA TÉRMICA DE 6 M³ - RODOVIA PAVIMENTADA | E14: TXKM | F14: 26394.71 | G14: 0.9 | H14: =ROUND(G14+(G14*$I$7),2) -> 1.15 | I14: =ROUND((F14*H14),2) -> 30353.92 | J14: =I14/$I$67 -> 0.039593984 | K14: =J14+K13 -> 0.75518232 | L14: =IF(K14<=$C$71,$B$71,IF(K14<=$C$72,$B$72,$B$73)) -> A
A15: 7.4 | B15: SICRO/ DNIT | C15: 5213464 | D15: PLACA DE ADVERTÊNCIA EM AÇO, LADO DE 0,60 M - PELÍCULA RETRORREFLETIVA TIPO I + SI - FORNECIMENTO E IMPLANTAÇÃO | E15: UN. | F15: 68 | G15: 283.9 | H15: =ROUND(G15+(G15*$I$7),2) -> 363.87 | I15: =ROUND((F15*H15),2) -> 24743.16 | J15: =I15/$I$67 -> 0.032275247 | K15: =J15+K14 -> 0.78745757 | L15: =IF(K15<=$C$71,$B$71,IF(K15<=$C$72,$B$72,$B$73)) -> A
A16: 6.7 | B16: SETOP | C16: ED-48552 | D16: CANALETA PARA DRENAGEM, PRÉ-MOLDADA, TIPO MEIA CANA, DIÂMETRO 30CM, EXCLUSIVE TAMPA, INCLUSIVE ASSENTAMENTO EM ARGAMASSA, TRAÇO 1:3 (CIMENTO E AREIA), ESCAVAÇÃO, TRANSPORTE E RETIRADA DO MATERIAL ESCAVADO (EM CAÇAMBA) | E16: M | F16: =((5*2)*19) -> 190 | G16: 96.76 | H16: =ROUND(G16+(G16*$I$7),2) -> 124.02 | I16: =ROUND((F16*H16),2) -> 23563.8 | J16: =I16/$I$67 -> 0.030736877 | K16: =J16+K15 -> 0.81819444 | L16: =IF(K16<=$C$71,$B$71,IF(K16<=$C$72,$B$72,$B$73)) -> B
A17: 7.5 | B17: SICRO/ DNIT | C17: 5213440 | D17: PLACA DE REGULAMENTAÇÃO EM AÇO D=0,60 M - PELÍCULA RETRORREFLETIVA TIPO I + SI - FORNECIMENTO E IMPLANTAÇÃO | E17: UN. | F17: 34 | G17: 283.87 | H17: =ROUND(G17+(G17*$I$7),2) -> 363.84 | I17: =ROUND((F17*H17),2) -> 12370.56 | J17: =I17/$I$67 -> 0.016136293 | K17: =J17+K16 -> 0.83433074 | L17: =IF(K17<=$C$71,$B$71,IF(K17<=$C$72,$B$72,$B$73)) -> B
A18: 6.8 | B18: SETOP | C18: ED-48334 | D18: TAMPA EM CONCRETO COM FCK 15MPA, MOLDADA IN LOCO, PARA CANALETA COM LARGURA 30CM, ESP. 8CM, INCLUSIVE ARMAÇÃO CA-50 DIÂMETRO (6,3MM) | E18: M | F18: =((5*2)*19) -> 190 | G18: 48.4 | H18: =ROUND(G18+(G18*$I$7),2) -> 62.03 | I18: =ROUND((F18*H18),2) -> 11785.7 | J18: =I18/$I$67 -> 0.015373395 | K18: =J18+K17 -> 0.84970413 | L18: =IF(K18<=$C$71,$B$71,IF(K18<=$C$72,$B$72,$B$73)) -> B
A19: 3.3 | B19: SINAPI | C19: 101835 | D19: RECOMPOSIÇÃO DE BASE E OU SUB-BASE PARA REMENDO PROFUNDO DE BRITA GRADUADA SIMPLES - INCLUSO RETIRADA E COLOCAÇÃO DO MATERIAL. AF_12/2020 | E19: M³ | F19: 23.77 | G19: 351.7 | H19: =ROUND(G19+(G19*$I$7),2) -> 450.77 | I19: =ROUND((F19*H19),2) -> 10714.8 | J19: =I19/$I$67 -> 0.013976502 | K19: =J19+K18 -> 0.86368064 | L19: =IF(K19<=$C$71,$B$71,IF(K19<=$C$72,$B$72,$B$73)) -> B
A20: 5.15 | B20: SETOP | C20: ED-15226 | D20: PISO PODOTÁTIL DE CONCRETO, ALERTA OU DIRECIONAL, APLICADO EM PISO (20X20)CM COM JUNTA SECA, COR VERMELHO/AMARELO, INCLUSIVE ASSENTAMENTO COM ARGAMASSA INDUSTRIALIZADA | E20: M² | F20: =186.2*0.4 -> 74.48 | G20: 110.07 | H20: =ROUND(G20+(G20*$I$7),2) -> 141.08 | I20: =ROUND((F20*H20),2) -> 10507.64 | J20: =I20/$I$67 -> 0.01370628 | K20: =J20+K19 -> 0.87738692 | L20: =IF(K20<=$C$71,$B$71,IF(K20<=$C$72,$B$72,$B$73)) -> B
A21: 5.7 | B21: SETOP | C21: ED-51139 | D21: GUIA DE MEIO-FIO, EM CONCRETO COM FCK 20MPA, PRÉ- MOLDADA, MFC-01 PADRÃO DER-MG, DIMENSÕES (12X16,7X35)CM , EXCLUSIVE SARJETA, INCLUSIVE ESCAVAÇÃO, APILOAMENTO E TRANSPORTE COM RETIRADA DO MATERIAL ESCAVADO (EM CAÇAMBA) | E21: M | F21: 96 | G21: 76.52 | H21: =ROUND(G21+(G21*$I$7),2) -> 98.08 | I21: =ROUND((F21*H21),2) -> 9415.68 | J21: =I21/$I$67 -> 0.012281916 | K21: =J21+K20 -> 0.88966883 | L21: =IF(K21<=$C$71,$B$71,IF(K21<=$C$72,$B$72,$B$73)) -> B
A22: 7.2 | B22: SETOP | C22: RO-19855 | D22: PNTURA DE SETAS E ZABRADOS COM TINTA ACRÍLICA - ESOESSURA DE 0,60 MM ( INCLUINDO FORNECIMENTO E TRANSPORTE DE TODOS OS MATERIAIS) | E22: M² | F22: =(0.4*4*179)+((0.8*0.9)/2)*179 -> 350.84 | G22: 20.22 | H22: =ROUND(G22+(G22*$I$7),2) -> 25.92 | I22: =ROUND((F22*H22),2) -> 9093.77 | J22: =I22/$I$67 -> 0.011862013 | K22: =J22+K21 -> 0.90153084 | L22: =IF(K22<=$C$71,$B$71,IF(K22<=$C$72,$B$72,$B$73)) -> B
A23: 4.7 | B23: SINAPI | C23: 94994 | D23: EXECUÇÃO DE PASSEIO (CALÇADA) OU PISO DE CONCRETO COM CONCRETO MOLDADO IN LOCO, FEITO EM OBRA, ACABAMENTO CONVENCIONAL, ESPESSURA 8 CM, ARMADO. AF_08/2022 | E23: M² | F23: =45.7*1.5 -> 68.55 | G23: 103.07 | H23: =ROUND(G23+(G23*$I$7),2) -> 132.1 | I23: =ROUND((F23*H23),2) -> 9055.46 | J23: =I23/$I$67 -> 0.011812041 | K23: =J23+K22 -> 0.91334288 | L23: =IF(K23<=$C$71,$B$71,IF(K23<=$C$72,$B$72,$B$73)) -> B
A24: 4.5 | B24: SETOP | C24: ED-51139 | D24: GUIA DE MEIO-FIO, EM CONCRETO COM FCK 20MPA, PRÉ-MOLDADA, MFC-01 PADRÃO DER-MG, DIMENSÕES (12X16,7X35)CM, EXCLUSIVE SARJETA, INCLUSIVE ESCAVAÇÃO, APILOAMENTO E TRANSPORTE COM RETIRADA DO MATERIAL ESCAVADO (EM CAÇAMBA) | E24: M | F24: =45.7*2 -> 91.4 | G24: 76.52 | H24: =ROUND(G24+(G24*$I$7),2) -> 98.08 | I24: =ROUND((F24*H24),2) -> 8964.51 | J24: =I24/$I$67 -> 0.011693404 | K24: =J24+K23 -> 0.92503629 | L24: =IF(K24<=$C$71,$B$71,IF(K24<=$C$72,$B$72,$B$73)) -> B
A25: 2.3 | B25: SICRO/ DNIT | C25: 5213850 | D25: OPERAÇÃO DE SINALIZAÇÃO POR BANDEIROLA DE TECIDO OU COM PLACA METÁLICA | E25: H | F25: ='MEMÓRIA DE CÁLCULO (AF)'!F14 -> 304 | G25: 22.23 | H25: =ROUND(G25+(G25*$I$7),2) -> 28.49 | I25: =ROUND((F25*H25),2) -> 8660.96 | J25: =I25/$I$67 -> 0.011297451 | K25: =J25+K24 -> 0.93633374 | L25: =IF(K25<=$C$71,$B$71,IF(K25<=$C$72,$B$72,$B$73)) -> B
A26: 5.6 | B26: SINAPI | C26: 94994 | D26: EXECUÇÃO DE PASSEIO (CALÇADA) OU PISO DE CONCRETO COM CONCRETO MOLDADO IN LOCO, FEITO EM OBRA, ACABAMENTO CONVENCIONAL, ESPESSURA 8 CM, ARMADO. AF_08/2022 | E26: M² | F26: =((5*1.5)+(5*1.2)+(5*1.2)+(10*1.2)+(5*1.2)+(10*1.2)+(5*2)) -> 59.5 | G26: 103.07 | H26: =ROUND(G26+(G26*$I$7),2) -> 132.1 | I26: =ROUND((F26*H26),2) -> 7859.95 | J26: =I26/$I$67 -> 0.010252604 | K26: =J26+K25 -> 0.94658634 | L26: =IF(K26<=$C$71,$B$71,IF(K26<=$C$72,$B$72,$B$73)) -> B
A27: 3.2 | B27: SINAPI | C27: 97636 | D27: DEMOLIÇÃO PARCIAL DE PAVIMENTO ASFÁLTICO, DE FORMA MECANIZADA, SEM REAPROVEITAMENTO. AF_09/2023 | E27: M² | F27: =((9.9*3.7)+((10.7+9.6+7.9+7.9+10.7+8)*1.5)) -> 118.83 | G27: 23.82 | H27: =ROUND(G27+(G27*$I$7),2) -> 30.53 | I27: =ROUND((F27*H27),2) -> 3627.88 | J27: =I27/$I$67 -> 0.0047322462 | K27: =J27+K26 -> 0.95131859 | L27: =IF(K27<=$C$71,$B$71,IF(K27<=$C$72,$B$72,$B$73)) -> C
A28: 1.1 | B28: SUDECAP | C28: 04.04.01 | D28: MOBILIZAÇÃO E DESMOBILIZAÇÃO DE EQUIPAMENTO | E28: UN. | F28: 1 | G28: 2500 | H28: =ROUND(G28+(G28*$I$7),2) -> 3204.25 | I28: =ROUND((F28*H28),2) -> 3204.25 | J28: =I28/$I$67 -> 0.0041796586 | K28: =J28+K27 -> 0.95549825 | L28: =IF(K28<=$C$71,$B$71,IF(K28<=$C$72,$B$72,$B$73)) -> C
A29: 5.2 | B29: SINAPI | C29: 104789 | D29: DEMOLIÇÃO DE PISO DE CONCRETO SIMPLES, DE FORMA MANUAL, SEM REAPROVEITAMENTO. AF_09/2023 | E29: M³ | F29: =((5*1.5)+(5*1.2)+(5*1.2)+(10*1.2)+(5*1.2)+(10*1.2)+(5*2))*0.1+((78.4*0.4)*0.1) -> 9.086 | G29: 221.65 | H29: =ROUND(G29+(G29*$I$7),2) -> 284.09 | I29: =ROUND((F29*H29),2) -> 2581.24 | J29: =I29/$I$67 -> 0.0033669976 | K29: =J29+K28 -> 0.95886525 | L29: =IF(K29<=$C$71,$B$71,IF(K29<=$C$72,$B$72,$B$73)) -> C
A30: 7.3 | B30: SINAPI | C30: 44478 | D30: MICROESFERAS DE VIDRO PARA SINALIZACAO HORIZONTAL VIARIA, TIPO I-B (PREMIX) - NBR 16184 | E30: KG | F30: 214.06 | G30: 8.66 | H30: =ROUND(G30+(G30*$I$7),2) -> 11.1 | I30: =ROUND((F30*H30),2) -> 2376.07 | J30: =I30/$I$67 -> 0.0030993716 | K30: =J30+K29 -> 0.96196462 | L30: =IF(K30<=$C$71,$B$71,IF(K30<=$C$72,$B$72,$B$73)) -> C
A31: 8.2 | B31: SINAPI | C31: 93415 | D31: GERADOR PORTÁTIL MONOFÁSICO, POTÊNCIA 5500 VA, MOTOR A GASOLINA, POTÊNCIA DO MOTOR 13 CV - CHP DIURNO. AF_03/2016 | E31: CHP | F31: 152 | G31: 12.15 | H31: =ROUND(G31+(G31*$I$7),2) -> 15.57 | I31: =ROUND((F31*H31),2) -> 2366.64 | J31: =I31/$I$67 -> 0.003087071 | K31: =J31+K30 -> 0.96505169 | L31: =IF(K31<=$C$71,$B$71,IF(K31<=$C$72,$B$72,$B$73)) -> C
A32: 3.1 | B32: ORSE | C32: 11912 | D32: CORTE EM PAVIMENTO ASFÁLTICO/CONCRETO, COM MÁQUINA E DISCO DIAMANTADO - REV 01 | E32: M | F32: =(9.9+10.7+9.6+7.9+7.9+10.7+8)*2 -> 129.4 | G32: 13.94 | H32: =ROUND(G32+(G32*$I$7),2) -> 17.87 | I32: =ROUND((F32*H32),2) -> 2312.38 | J32: =I32/$I$67 -> 0.0030162937 | K32: =J32+K31 -> 0.96806798 | L32: =IF(K32<=$C$71,$B$71,IF(K32<=$C$72,$B$72,$B$73)) -> C
A33: 4.9 | B33: SINAPI | C33: 94287 | D33: EXECUÇÃO DE SARJETA DE CONCRETO USINADO, MOLDADA IN LOCO EM TRECHO RETO, 30 CM BASE X 10 CM ALTURA. AF_01/2024 | E33: M | F33: 45.7 | G33: 35.28 | H33: =ROUND(G33+(G33*$I$7),2) -> 45.22 | I33: =ROUND((F33*H33),2) -> 2066.55 | J33: =I33/$I$67 -> 0.0026956303 | K33: =J33+K32 -> 0.97076361 | L33: =IF(K33<=$C$71,$B$71,IF(K33<=$C$72,$B$72,$B$73)) -> C
A34: 8.1 | B34: SINAPI | C34: 91277 | D34: PLACA VIBRATÓRIA REVERSÍVEL COM MOTOR 4 TEMPOS A GASOLINA, FORÇA CENTRÍFUGA DE 25 KN (2500 KGF), POTÊNCIA 5,5 CV - CHP DIURNO. AF_08/2015 | E34: CHP | F34: ='MEMÓRIA DE CÁLCULO (AF)'!F77 -> 152 | G34: 10.02 | H34: =ROUND(G34+(G34*$I$7),2) -> 12.84 | I34: =ROUND((F34*H34),2) -> 1951.68 | J34: =I34/$I$67 -> 0.0025457926 | K34: =J34+K33 -> 0.97330941 | L34: =IF(K34<=$C$71,$B$71,IF(K34<=$C$72,$B$72,$B$73)) -> C
A35: 4.11 | B35: SINAPI | C35: 97953 | D35: CAIXA COM GRELHA SIMPLES RETANGULAR, EM ALVENARIA COM BLOCOS DE CONCRETO, DIMENSÕES INTERNAS: 0,5X1X1 M. AF_12/2020 | E35: UN. | F35: 1 | G35: 1512.23 | H35: =ROUND(G35+(G35*$I$7),2) -> 1938.23 | I35: =ROUND((F35*H35),2) -> 1938.23 | J35: =I35/$I$67 -> 0.0025282483 | K35: =J35+K34 -> 0.97583765 | L35: =IF(K35<=$C$71,$B$71,IF(K35<=$C$72,$B$72,$B$73)) -> C
A36: 5.3 | B36: SETOP | C36: ED-50540 | D36: REMOÇÃO MANUAL COM REASSENTAMENTO DE CALÇADA PORTUGUESA, INCLUSIVE ARGAMASSA SECA, TIPO FAROFA COM PREPARO MECANIZADO, ASSENTAMENTO EM COLCHÃO DE AREIA E CIMENTO, ESPESSURA DE 6CM, REJUNTAMENTO, ACABAMENTO, AFASTAMENTO E EMPILHAMENTO, EXCLUSIVE TRANSPORTE E RETIRADA DO MATERIAL REMOVIDO NÃO REAPROVEITÁVEL | E36: M² | F36: =(6*3) -> 18 | G36: 83.78 | H36: =ROUND(G36+(G36*$I$7),2) -> 107.38 | I36: =ROUND((F36*H36),2) -> 1932.84 | J36: =I36/$I$67 -> 0.0025212175 | K36: =J36+K35 -> 0.97835887 | L36: =IF(K36<=$C$71,$B$71,IF(K36<=$C$72,$B$72,$B$73)) -> C
A37: 3.4 | B37: SETOP | C37: ED-51096 | D37: COMPACTAÇÃO MECANIZADA DE ATERRO COM PLACA VIBRATÓRIA, INCLUSIVE ESPALHAMENTO MANUAL | E37: M³ | F37: 23.77 | G37: 50.99 | H37: =ROUND(G37+(G37*$I$7),2) -> 65.35 | I37: =ROUND((F37*H37),2) -> 1553.37 | J37: =I37/$I$67 -> 0.0020262327 | K37: =J37+K36 -> 0.9803851 | L37: =IF(K37<=$C$71,$B$71,IF(K37<=$C$72,$B$72,$B$73)) -> C
A38: 2.1 | B38: SETOP | C38: ED-28427 | D38: FORNECIMENTO E COLOCAÇÃO DE PLACA DE OBRA EM CHAPA GALVANIZADA #26, ESP. 0,45MM, DIMENSÃO (3X1,5)M, PLOTADA COM ADESIVO VINÍLICO, AFIXADA COM REBITES 4,8X40MM, EM ESTRUTURA METÁLICA DE METALON 20X20MM, ESP. 1,25MM, INCLUSIVE SUPORTE EM EUCALIPTO AUTOCLAVADO PINTADO COM TINTA PVA DUAS (2) DEMÃOS | E38: UN. | F38: 1 | G38: 1153.26 | H38: =ROUND(G38+(G38*$I$7),2) -> 1478.13 | I38: =ROUND((F38*H38),2) -> 1478.13 | J38: =I38/$I$67 -> 0.0019280889 | K38: =J38+K37 -> 0.98231319 | L38: =IF(K38<=$C$71,$B$71,IF(K38<=$C$72,$B$72,$B$73)) -> C
A39: 4.2 | B39: SETOP | C39: ED-48476 | D39: REMOÇÃO MANUAL DE PAVIMENTAÇÃO INTERTRAVADA OU SEXTAVADO EM PRÉ-MOLDADA DE CONCRETO, COM REAPROVEITAMENTO, INCLUSIVE AFESTAMENTO E EMPILHAMENTO, EXCLUSIVE TRANSPORTE E RETIRADA DO MATERIAL REMOLVIDO NÃO REAPROVEITÁVEL | E39: M² | F39: =45.7*1.5 -> 68.55 | G39: 14.95 | H39: =ROUND(G39+(G39*$I$7),2) -> 19.16 | I39: =ROUND((F39*H39),2) -> 1313.42 | J39: =I39/$I$67 -> 0.0017132394 | K39: =J39+K38 -> 0.98402643 | L39: =IF(K39<=$C$71,$B$71,IF(K39<=$C$72,$B$72,$B$73)) -> C
A40: 4.8 | B40: SETOP | C40: ED-15226 | D40: PISO PODOTÁTIL DE CONCRETO, ALERTA OU DIRECIONAL, APLICADO EM PISO (20X20)CM COM JUNTA SECA, COR VERMELHO/AMARELO, INCLUSIVE ASSENTAMENTO COM ARGAMASSA INDUSTRIALIZADA | E40: M² | F40: =45.7*0.2 -> 9.14 | G40: 110.07 | H40: =ROUND(G40+(G40*$I$7),2) -> 141.08 | I40: =ROUND((F40*H40),2) -> 1289.47 | J40: =I40/$I$67 -> 0.0016819987 | K40: =J40+K39 -> 0.98570843 | L40: =IF(K40<=$C$71,$B$71,IF(K40<=$C$72,$B$72,$B$73)) -> C
A41: 5.1 | B41: SUDECAP | C41: 02.15.01 | D41: REMOÇÃO DE MEIO-FIO PRÉ-MOLDADO DE CONCRETO | E41: M | F41: 96 | G41: 8.78 | H41: =ROUND(G41+(G41*$I$7),2) -> 11.25 | I41: =ROUND((F41*H41),2) -> 1080 | J41: =I41/$I$67 -> 0.0014087638 | K41: =J41+K40 -> 0.98711719 | L41: =IF(K41<=$C$71,$B$71,IF(K41<=$C$72,$B$72,$B$73)) -> C
A42: 5.4 | B42: SETOP | C42: ED-48476 | D42: REMOÇÃO MANUAL DE PAVIMENTAÇÃO INTERTRAVADA OU SEXTAVADO EM PRÉ-MOLDADA DE CONCRETO, COM REAPROVEITAMENTO, INCLUSIVE AFESTAMENTO E EMPILHAMENTO, EXCLUSIVE TRANSPORTE E RETIRADA DO MATERIAL REMOVIDO NÃO REAPROVEITÁVEL | E42: M² | F42: =((5*1.5)+(5*1.2)+(5*3)+(10*1.5)+(5*1.2))+(14.7*0.4) -> 55.38 | G42: 14.95 | H42: =ROUND(G42+(G42*$I$7),2) -> 19.16 | I42: =ROUND((F42*H42),2) -> 1061.08 | J42: =I42/$I$67 -> 0.0013840843 | K42: =J42+K41 -> 0.98850128 | L42: =IF(K42<=$C$71,$B$71,IF(K42<=$C$72,$B$72,$B$73)) -> C
A43: 6.3 | B43: SICRO/ DNIT | C43: 4011353 | D43: PINTURA DE LIGAÇÃO (RR-1C) | E43: M² | F43: 1573.23 | G43: 0.46 | H43: =ROUND(G43+(G43*$I$7),2) -> 0.59 | I43: =ROUND((F43*H43),2) -> 928.21 | J43: =I43/$I$67 -> 0.0012107672 | K43: =J43+K42 -> 0.98971205 | L43: =IF(K43<=$C$71,$B$71,IF(K43<=$C$72,$B$72,$B$73)) -> C
A44: 4.3 | B44: SINAPI | C44: 104796 | D44: DEMOLIÇÃO DE GUIAS, SARJETAS OU SARJETÕES, DE FORMA MECANIZADA, SEM REAPROVEITAMENTO. AF_09/2023 | E44: M | F44: 44.2 | G44: 15.26 | H44: =ROUND(G44+(G44*$I$7),2) -> 19.56 | I44: =ROUND((F44*H44),2) -> 864.55 | J44: =I44/$I$67 -> 0.0011277284 | K44: =J44+K43 -> 0.99083977 | L44: =IF(K44<=$C$71,$B$71,IF(K44<=$C$72,$B$72,$B$73)) -> C
A45: 5.12 | B45: SINAPI | C45: 89480 | D45: ALVENARIA DE BLOCOS DE CONCRETO ESTRUTURAL 14X19X29 CM (ESPESSURA 14 CM), FBK = 14 MPA, UTILIZANDO COLHER DE PEDREIRO. AF_10/2022 | E45: M² | F45: =9.75*0.4 -> 3.9 | G45: 171.92 | H45: =ROUND(G45+(G45*$I$7),2) -> 220.35 | I45: =ROUND((F45*H45),2) -> 859.37 | J45: =I45/$I$67 -> 0.0011209716 | K45: =J45+K44 -> 0.99196075 | L45: =IF(K45<=$C$71,$B$71,IF(K45<=$C$72,$B$72,$B$73)) -> C
A46: 4.10 | B46: SINAPI | C46: 92221 | D46: TUBO DE CONCRETO PARA REDES COLETORAS DE ÁGUAS PLUVIAIS, DIÂMETRO DE 600 MM, JUNTA RÍGIDA, INSTALADO EM LOCAL COM ALTO NÍVEL DE INTERFERÊNCIAS - FORNECIMENTO E ASSENTAMENTO. AF_03/2024 | E46: M | F46: 2 | G46: 305.06 | H46: =ROUND(G46+(G46*$I$7),2) -> 391 | I46: =ROUND((F46*H46),2) -> 782 | J46: =I46/$I$67 -> 0.0010200493 | K46: =J46+K45 -> 0.9929808 | L46: =IF(K46<=$C$71,$B$71,IF(K46<=$C$72,$B$72,$B$73)) -> C
A47: 3.6 | B47: SETOP | C47: ED-29231 | D47: TRANSPORTE DE MATERIAL DE QUALQUER NATUREZA EM CAMINHÃO, DISTÂNCIA MAIOR QUE 2KM E MENOR OU IGUAL A 5KM, DENTRO DO PERÍMETRO URBANO, EXCLUSIVE CARGA, INCLUSIVE DESCARGA | E47: M³XKM | F47: =(((118.83*0.2)+23.77)*5) -> 237.68 | G47: 2.56 | H47: =ROUND(G47+(G47*$I$7),2) -> 3.28 | I47: =ROUND((F47*H47),2) -> 779.59 | J47: =I47/$I$67 -> 0.0010169057 | K47: =J47+K46 -> 0.9939977 | L47: =IF(K47<=$C$71,$B$71,IF(K47<=$C$72,$B$72,$B$73)) -> C
A48: 7.1 | B48: SETOP | C48: RO-19845 | D48: PINTURA DE FAIXA COM TINTA ACRÍLICA - ESPESSURA ÚMIDA DE 0,60 MM (INCLUINDO FORNECIMENTO E TRANSPORTE DE TODOS OS MATERIAIS) | E48: M² | F48: =193.2*0.4 -> 77.28 | G48: 7.09 | H48: =ROUND(G48+(G48*$I$7),2) -> 9.09 | I48: =ROUND((F48*H48),2) -> 702.48 | J48: =I48/$I$67 -> 0.00091632256 | K48: =J48+K47 -> 0.99491402 | L48: =IF(K48<=$C$71,$B$71,IF(K48<=$C$72,$B$72,$B$73)) -> C
A49: 2.2 | B49: SICRO/ DNIT | C49: 5213383 | D49: CONE PLÁSTICO PARA CANALIZAÇÃO DE TRÂNSITO - UTILIZAÇÃO DE 150 CICLOS - FORNECIMENTO, 01 IMPLANTAÇÃO E 01 RETIRADA DIÁRIA | E49: UN.DIA | F49: =19*3*10 -> 570 | G49: 0.79 | H49: =ROUND(G49+(G49*$I$7),2) -> 1.01 | I49: =ROUND((F49*H49),2) -> 575.7 | J49: =I49/$I$67 -> 0.00075094935 | K49: =J49+K48 -> 0.99566497 | L49: =IF(K49<=$C$71,$B$71,IF(K49<=$C$72,$B$72,$B$73)) -> C
A50: 4.1 | B50: SUDECAP | C50: 02.15.01 | D50: REMOÇÃO DE MEIO-FIO PRÉ-MOLDADO DE CONCRETO | E50: M | F50: 44.2 | G50: 8.78 | H50: =ROUND(G50+(G50*$I$7),2) -> 11.25 | I50: =ROUND((F50*H50),2) -> 497.25 | J50: =I50/$I$67 -> 0.00064861832 | K50: =J50+K49 -> 0.99631359 | L50: =IF(K50<=$C$71,$B$71,IF(K50<=$C$72,$B$72,$B$73)) -> C
A51: 5.5 | B51: SETOP | C51: ED-51096 | D51: COMPACTAÇÃO MECANIZADA DE ATERRO COM PLACA VIBRATÓRIA, INCLUSIVE ESPALHAMENTO MANUAL | E51: M³ | F51: =20*1.5*0.2 -> 6 | G51: 50.99 | H51: =ROUND(G51+(G51*$I$7),2) -> 65.35 | I51: =ROUND((F51*H51),2) -> 392.1 | J51: =I51/$I$67 -> 0.00051145951 | K51: =J51+K50 -> 0.99682505 | L51: =IF(K51<=$C$71,$B$71,IF(K51<=$C$72,$B$72,$B$73)) -> C
A52: 5.17 | B52: SETOP | C52: ED-29231 | D52: TRANSPORTE DE MATERIAL DE QUALQUER NATUREZA EM CAMINHÃO, DISTÂNCIA MAIOR QUE 2KM E MENOR OU IGUAL A 5KM, DENTRO DO PERÍMETRO URBANO, EXCLUSIVE CARGA, INCLUSIVE DESCARGA | E52: M³XKM | F52: =20.87*5 -> 104.35 | G52: 2.56 | H52: =ROUND(G52+(G52*$I$7),2) -> 3.28 | I52: =ROUND((F52*H52),2) -> 342.27 | J52: =I52/$I$67 -> 0.00044646072 | K52: =J52+K51 -> 0.99727151 | L52: =IF(K52<=$C$71,$B$71,IF(K52<=$C$72,$B$72,$B$73)) -> C
A53: 4.6 | B53: SETOP | C53: ED-51096 | D53: COMPACTAÇÃO MECANIZADA DE ATERRO COM PLACA VIBRATÓRIA, INCLUSIVE ESPALHAMENTO MANUAL | E53: M³ | F53: =45.7*1.5*0.07 -> 4.7985 | G53: 50.99 | H53: =ROUND(G53+(G53*$I$7),2) -> 65.35 | I53: =ROUND((F53*H53),2) -> 313.58 | J53: =I53/$I$67 -> 0.00040903717 | K53: =J53+K52 -> 0.99768055 | L53: =IF(K53<=$C$71,$B$71,IF(K53<=$C$72,$B$72,$B$73)) -> C
A54: 5.11 | B54: SINAPI | C54: 94975 | D54: CONCRETO FCK = 15MPA, TRAÇO 1:3,4:3,5 (EM MASSA SECA DE CIMENTO/ AREIA MÉDIA/ BRITA 1) - PREPARO MANUAL. AF_05/2021 | E54: M³ | F54: =(9.75*0.2*0.2) -> 0.39 | G54: 578.65 | H54: =ROUND(G54+(G54*$I$7),2) -> 741.66 | I54: =ROUND((F54*H54),2) -> 289.25 | J54: =I54/$I$67 -> 0.00037730085 | K54: =J54+K53 -> 0.99805785 | L54: =IF(K54<=$C$71,$B$71,IF(K54<=$C$72,$B$72,$B$73)) -> C
A55: 4.13 | B55: SETOP | C55: ED-29231 | D55: TRANSPORTE DE MATERIAL DE QUALQUER NATUREZA EM CAMINHÃO, DISTÂNCIA MAIOR QUE 2KM E MENOR OU IGUAL A 5KM, DENTRO DO PERÍMETRO URBANO, EXCLUSIVE CARGA, INCLUSIVE DESCARGA | E55: M³XKM | F55: =16.19*5 -> 80.95 | G55: 2.56 | H55: =ROUND(G55+(G55*$I$7),2) -> 3.28 | I55: =ROUND((F55*H55),2) -> 265.52 | J55: =I55/$I$67 -> 0.00034634718 | K55: =J55+K54 -> 0.9984042 | L55: =IF(K55<=$C$71,$B$71,IF(K55<=$C$72,$B$72,$B$73)) -> C
A56: 5.14 | B56: SETOP | C56: ED-50761 | D56: REBOCO COM ARGAMASSA, TRAÇO 1:2:8 (CIMENTO, CAL E AREIA), ESP. 20MM, APLICAÇÃO MANUAL, INCLUSIVE ARGAMASSA COM PREPARO MECANIZADO, EXCLUSIVE CHAPISCO | E56: M² | F56: =((9.75*0.4)+(9.75*0.15)) -> 5.3625 | G56: 37.61 | H56: =ROUND(G56+(G56*$I$7),2) -> 48.2 | I56: =ROUND((F56*H56),2) -> 258.47 | J56: =I56/$I$67 -> 0.00033715108 | K56: =J56+K55 -> 0.99874135 | L56: =IF(K56<=$C$71,$B$71,IF(K56<=$C$72,$B$72,$B$73)) -> C
A57: 3.5 | B57: SETOP | C57: ED-51132 | D57: CARGA MECÂNICA DE MATERIAL DE QUALQUER NATUREZA SOBRE CAMINHÃO, EXCLUSIVE TRANSPORTE | E57: M³ | F57: 47.53 | G57: 3.25 | H57: =ROUND(G57+(G57*$I$7),2) -> 4.17 | I57: 198.21 | J57: =I57/$I$67 -> 0.00025854728 | K57: =J57+K56 -> 0.9989999 | L57: =IF(K57<=$C$71,$B$71,IF(K57<=$C$72,$B$72,$B$73)) -> C
A58: 6.1 | B58: SICRO/ DNIT | C58: 4011212 | D58: VARREDURA DA SUPERFÍCIE PARA AXECUÇÃO DE REVESTIMENTO ASFÁLTICOD58:D64 | E58: M² | F58: =(181.8*8)+118.83 -> 1573.23 | G58: 0.08 | H58: =ROUND(G58+(G58*$I$7),2) -> 0.1 | I58: =ROUND((F58*H58),2) -> 157.32 | J58: =I58/$I$67 -> 0.00020520992 | K58: =J58+K57 -> 0.99920511 | L58: =IF(K58<=$C$71,$B$71,IF(K58<=$C$72,$B$72,$B$73)) -> C
A59: 5.9 | B59: SETOP | C59: ED-51110 | D59: ESCAVAÇÃO MANUAL DE TERRA (DESATERRO MANUAL), INCLUSIVE DESCARGA LATERAL, EXCLUSIVE RETIRADA E TRANSPORTE DO MATERIAL ESCAVADO | E59: M³ | F59: =((3.05+2.7)*1)*0.4 -> 2.3 | G59: 41.84 | H59: =ROUND(G59+(G59*$I$7),2) -> 53.63 | I59: =ROUND((F59*H59),2) -> 123.35 | J59: =I59/$I$67 -> 0.00016089908 | K59: =J59+K58 -> 0.999366 | L59: =IF(K59<=$C$71,$B$71,IF(K59<=$C$72,$B$72,$B$73)) -> C
A60: 5.10 | B60: SINAPI | C60: 96526 | D60: ESCAVAÇÃO MANUAL PARA VIGA BALDRAME OU SAPATA CORRIDA (SEM ESCAVAÇÃO PARA COLOCAÇÃO DE FÔRMAS). AF_01/2024 | E60: M³ | F60: =(9.75*0.2*0.2) -> 0.39 | G60: 215.41 | H60: =ROUND(G60+(G60*$I$7),2) -> 276.09 | I60: =ROUND((F60*H60),2) -> 107.68 | J60: =I60/$I$67 -> 0.00014045896 | K60: =J60+K59 -> 0.99950646 | L60: =IF(K60<=$C$71,$B$71,IF(K60<=$C$72,$B$72,$B$73)) -> C
A61: 5.16 | B61: SETOP | C61: ED-51132 | D61: CARGA MECÂNICA DE MATERIAL DE QUALQUER NATUREZA SOBRE CAMINHÃO, EXCLUSIVE TRANSPORTE | E61: M³ | F61: =2.53+9.06+6+0.59+2.3+0.39 -> 20.87 | G61: 3.25 | H61: =ROUND(G61+(G61*$I$7),2) -> 4.17 | I61: =ROUND((F61*H61),2) -> 87.03 | J61: =I61/$I$67 -> 0.00011352288 | K61: =J61+K60 -> 0.99961999 | L61: =IF(K61<=$C$71,$B$71,IF(K61<=$C$72,$B$72,$B$73)) -> C
A62: 4.12 | B62: SETOP | C62: ED-51132 | D62: CARGA MECÂNICA DE MATERIAL DE QUALQUER NATUREZA SOBRE CAMINHÃO, EXCLUSIVE TRANSPORTE | E62: M³ | F62: =1.17+6.85+1.32+2.05+4.8 -> 16.19 | G62: 3.25 | H62: =ROUND(G62+(G62*$I$7),2) -> 4.17 | I62: =ROUND((F62*H62),2) -> 67.51 | J62: =I62/$I$67 -> 8.8060779e-05 | K62: =J62+K61 -> 0.99970805 | L62: =IF(K62<=$C$71,$B$71,IF(K62<=$C$72,$B$72,$B$73)) -> C
A63: 5.13 | B63: SETOP | C63: ED-50727 | D63: CHAPISCO COM ARGAMASSA, TRAÇO 1:3 (CIMENTO E AREIA), ESP. 5MM, APLICADO EM ALVENARIA/ESTRUTURA DE CONCRETO COM COLHER, INCLUSIVE ARGAMASSA COM PREPARO MECANIZADO COLHER DE PEDREIRO. ARGAMASSA TRAÇO 1:3 COM PREPARO MANUAL. AF_10/2022 | E63: M² | F63: =((9.75*0.4)+(9.75*0.15)) -> 5.3625 | G63: 9.69 | H63: =ROUND(G63+(G63*$I$7),2) -> 12.42 | I63: =ROUND((F63*H63),2) -> 66.6 | J63: =I63/$I$67 -> 8.6873765e-05 | K63: =J63+K62 -> 0.99979492 | L63: =IF(K63<=$C$71,$B$71,IF(K63<=$C$72,$B$72,$B$73)) -> C
A64: 4.4 | B64: SICRO/ DNIT | C64: 4915744 | D64: CAPINA MANUAL | E64: M² | F64: =45.7*1.5 -> 68.55 | G64: 0.74 | H64: =ROUND(G64+(G64*$I$7),2) -> 0.95 | I64: =ROUND((F64*H64),2) -> 65.12 | J64: =I64/$I$67 -> 8.4943237e-05 | K64: =J64+K63 -> 0.99987986 | L64: =IF(K64<=$C$71,$B$71,IF(K64<=$C$72,$B$72,$B$73)) -> C
A65: 5.8 | B65: SINAPI | C65: 97622 | D65: DEMOLIÇÃO DE ALVENARIA DE BLOCO FURADO, DE FORMA MANUAL, SEM REAPROVEITAMENTO. AF_09/2023 | E65: M³ | F65: =(9.75*0.15*0.4) -> 0.585 | G65: 62.98 | H65: =ROUND(G65+(G65*$I$7),2) -> 80.72 | I65: =ROUND((F65*H65),2) -> 47.22 | J65: =I65/$I$67 -> 6.1594282e-05 | K65: =J65+K64 -> 0.99994146 | L65: =IF(K65<=$C$71,$B$71,IF(K65<=$C$72,$B$72,$B$73)) -> C
A66: 6.2 | B66: SINAPI | C66: 102333 | D66: TRANSPORTE COM CAMINHÃO TANQUE DE TRANSPORTE DE MATERIAL ASFÁLTICO DE 20000L, EM VIA URBANA PAVIMENTADA, ADICIONAL PARA DMT EXCEDENTE A 30 KM (UNIDADE: TXKM). AF_07/2020 | E66: T X KM | F66: =0.787*60.03 -> 47.24361 | G66: 0.74 | H66: =ROUND(G66+(G66*$I$7),2) -> 0.95 | I66: =ROUND((F66*H66),2) -> 44.88 | J66: =I66/$I$67 -> 5.8541961e-05 | K66: =J66+K65 -> 1 | L66: =IF(K66<=$C$71,$B$71,IF(K66<=$C$72,$B$72,$B$73)) -> C
A67: TOTAL GERAL | I67: =SUM(I10:I66) -> 766629.6 | J67: =SUM(J10:J66) -> 1
B70: CLASSE | C70: CORTE
B71: A | C71: 0.8
B72: B | C72: 0.95
B73: C | C73: 1

Sheet LEVANTAMENTOS
A1: Ruas e Avenidas | B1: Larg. Via (m) | C1: Desconto sarjeta (0,30m) | D1: Área de plataforma de 5,00m (m²) | E1: Volume da plataforma 0,15m (m³) | F1: Área da rampa de 1,50 (m²) | G1: Volume das rampas (m³) | H1: Área de redutores de velocidade (m²) | I1: Volume de redutores de velocidade 0,05m pav. (m³) | J1: Valor de cada faixa elevada (R$) | N1: Quantidade de zebrado (un) | O1: Pintura de zebrado (m²) | P1: Quantidade de seta (un.) | Q1: Pintura de seta (m²) | S1: Metragem de faixa de retenção (m) | T1: Pintura de faixa de retenção (m²)
A2: Av. Custódio Silva | B2: 14.5 | C2: =B2-0.6 -> 13.9 | D2: =C2*5 -> 69.5 | E2: =D2*0.15 -> 10.425 | F2: =((1.5*C2)*2) -> 41.7 | G2: =((C2*1.5*0.15)) -> 3.1275 | J2: =C2*$L$2 -> 56513.396 | L2: =J24/C21 -> 4065.7119 | N2: 14 | O2: =(0.4*4)*N2 -> 22.4 | P2: =N2 -> 14 | Q2: =((0.8*0.9)/2)*P2 -> 5.04 | S2: =B2 -> 14.5 | T2: =0.4*S2 -> 5.8
A3: Av. Custódio Silva | B3: 14.5 | C3: =B3-0.6 -> 13.9 | D3: =C3*5 -> 69.5 | E3: =D3*0.15 -> 10.425 | F3: =((1.5*C3)*2) -> 41.7 | G3: =((C3*1.5*0.15)) -> 3.1275 | J3: =C3*$L$2 -> 56513.396 | N3: 14 | O3: =(0.4*4)*N3 -> 22.4 | P3: =N3 -> 14 | Q3: =((0.8*0.9)/2)*P3 -> 5.04 | S3: =B3 -> 14.5 | T3: =0.4*S3 -> 5.8
A4: Av. Doutor Artur Bernades | B4: 8.6 | C4: =B4-0.6 -> 8 | D4: =C4*5 -> 40 | E4: =D4*0.15 -> 6 | F4: =((1.5*C4)*2) -> 24 | G4: =((C4*1.5*0.15)) -> 1.8 | J4: =C4*$L$2 -> 32525.695 | N4: =C4/1 -> 8 | O4: =(0.4*4)*N4 -> 12.8 | P4: =N4 -> 8 | Q4: =((0.8*0.9)/2)*P4 -> 2.88 | S4: =B4 -> 8.6 | T4: =0.4*S4 -> 3.44
A5: Av. Doutor Artur Bernades | B5: 8 | C5: =B5-0.6 -> 7.4 | D5: =C5*5 -> 37 | E5: =D5*0.15 -> 5.55 | F5: =((1.5*C5)*2) -> 22.2 | G5: =((C5*1.5*0.15)) -> 1.665 | J5: =C5*$L$2 -> 30086.268 | N5: 7 | O5: =(0.4*4)*N5 -> 11.2 | P5: =N5 -> 7 | Q5: =((0.8*0.9)/2)*P5 -> 2.52 | S5: =B5 -> 8 | T5: =0.4*S5 -> 3.2
A6: Rua Euclides Cunha | B6: 7.5 | C6: =B6-0.6 -> 6.9 | D6: =C6*5 -> 34.5 | E6: =D6*0.15 -> 5.175 | F6: =((1.5*C6)*2) -> 20.7 | G6: =((C6*1.5*0.15)) -> 1.5525 | J6: =C6*$L$2 -> 28053.412 | N6: 7 | O6: =(0.4*4)*N6 -> 11.2 | P6: =N6 -> 7 | Q6: =((0.8*0.9)/2)*P6 -> 2.52 | S6: =B6 -> 7.5 | T6: =0.4*S6 -> 3
A7: Prç. José Emiliano dias | B7: 16 | C7: =B7-0.6 -> 15.4 | D7: =C7*5 -> 77 | E7: =D7*0.15 -> 11.55 | F7: =((1.5*C7)*2) -> 46.2 | G7: =((C7*1.5*0.15)) -> 3.465 | J7: =C7*$L$2 -> 62611.964 | N7: 15 | O7: =(0.4*4)*N7 -> 24 | P7: =N7 -> 15 | Q7: =((0.8*0.9)/2)*P7 -> 5.4 | S7: =B7 -> 16 | T7: =0.4*S7 -> 6.4
A8: Rua Santo Antônio | B8: 9.9 | C8: =B8-0.6 -> 9.3 | D8: =C8*5 -> 46.5 | E8: =D8*0.15 -> 6.975 | F8: =((1.5*C8)*2) -> 27.9 | G8: =((C8*1.5*0.15)) -> 2.0925 | H8: =3.7*B8 -> 36.63 | I8: =H8*0.05 -> 1.8315 | J8: =C8*$L$2 -> 37811.121 | N8: 9 | O8: =(0.4*4)*N8 -> 14.4 | P8: =N8 -> 9 | Q8: =((0.8*0.9)/2)*P8 -> 3.24 | S8: =B8 -> 9.9 | T8: =0.4*S8 -> 3.96
A9: Rua Itatiba + Calçada | B9: 6.3 | C9: =B9-0.6 -> 5.7 | D9: =C9*5 -> 28.5 | E9: =D9*0.15 -> 4.275 | F9: =((1.5*C9)*2) -> 17.1 | G9: =((C9*1.5*0.15)) -> 1.2825 | J9: =(C9*L2)+27483.17 -> 50657.728 | N9: 6 | O9: =(0.4*4)*N9 -> 9.6 | P9: =N9 -> 6 | Q9: =((0.8*0.9)/2)*P9 -> 2.16 | S9: =B9 -> 6.3 | T9: =0.4*S9 -> 2.52
A10: Rua Assad Zaidan | B10: 10.7 | C10: =B10-0.6 -> 10.1 | D10: =C10*5 -> 50.5 | E10: =D10*0.15 -> 7.575 | F10: =((1.5*C10)*2) -> 30.3 | G10: =((C10*1.5*0.15)) -> 2.2725 | H10: =1.5*B10 -> 16.05 | I10: =H10*0.05 -> 0.8025 | J10: =C10*$L$2 -> 41063.691 | N10: 10 | O10: =(0.4*4)*N10 -> 16 | P10: =N10 -> 10 | Q10: =((0.8*0.9)/2)*P10 -> 3.6 | S10: =B10 -> 10.7 | T10: =0.4*S10 -> 4.28
A11: Av. Getulio Vargas | B11: 9.6 | C11: =B11-0.6 -> 9 | D11: =C11*5 -> 45 | E11: =D11*0.15 -> 6.75 | F11: =((1.5*C11)*2) -> 27 | G11: =((C11*1.5*0.15)) -> 2.025 | H11: =1.5*B11 -> 14.4 | I11: =H11*0.05 -> 0.72 | J11: =C11*$L$2 -> 36591.407 | N11: =C11/1 -> 9 | O11: =(0.4*4)*N11 -> 14.4 | P11: =N11 -> 9 | Q11: =((0.8*0.9)/2)*P11 -> 3.24 | S11: =B11 -> 9.6 | T11: =0.4*S11 -> 3.84
A12: Praça Cid Martins Soares | B12: 13.5 | C12: =B12-0.6 -> 12.9 | D12: =C12*5 -> 64.5 | E12: =D12*0.15 -> 9.675 | F12: =((1.5*C12)*2) -> 38.7 | G12: =((C12*1.5*0.15)) -> 2.9025 | J12: =C12*$L$2 -> 52447.684 | N12: 12 | O12: =(0.4*4)*N12 -> 19.2 | P12: =N12 -> 12 | Q12: =((0.8*0.9)/2)*P12 -> 4.32 | S12: =B12 -> 13.5 | T12: =0.4*S12 -> 5.4
A13: Rua Carangola | B13: 7.9 | C13: =B13-0.6 -> 7.3 | D13: =C13*5 -> 36.5 | E13: =D13*0.15 -> 5.475 | F13: =((1.5*C13)*2) -> 21.9 | G13: =((C13*1.5*0.15)) -> 1.6425 | H13: =((1.5*B13)*2) -> 23.7 | I13: =H13*0.05 -> 1.185 | J13: =C13*$L$2 -> 29679.697 | N13: 7 | O13: =(0.4*4)*N13 -> 11.2 | P13: =N13 -> 7 | Q13: =((0.8*0.9)/2)*P13 -> 2.52 | S13: =B13 -> 7.9 | T13: =0.4*S13 -> 3.16
A14: Rua Luiz Martins Soares Sobrimho | B14: 10.7 | C14: =B14-0.6 -> 10.1 | D14: =C14*5 -> 50.5 | E14: =D14*0.15 -> 7.575 | F14: =((1.5*C14)*2) -> 30.3 | G14: =((C14*1.5*0.15)) -> 2.2725 | H14: =1.5*B14 -> 16.05 | I14: =H14*0.05 -> 0.8025 | J14: =C14*$L$2 -> 41063.691 | N14: 10 | O14: =(0.4*4)*N14 -> 16 | P14: =N14 -> 10 | Q14: =((0.8*0.9)/2)*P14 -> 3.6 | S14: =B14 -> 10.7 | T14: =0.4*S14 -> 4.28
A15: Rua Tocantins | B15: 7.8 | C15: =B15-0.6 -> 7.2 | D15: =C15*5 -> 36 | E15: =D15*0.15 -> 5.4 | F15: =((1.5*C15)*2) -> 21.6 | G15: =((C15*1.5*0.15)) -> 1.62 | J15: =C15*$L$2 -> 29273.126 | N15: 7 | O15: =(0.4*4)*N15 -> 11.2 | P15: =N15 -> 7 | Q15: =((0.8*0.9)/2)*P15 -> 2.52 | S15: =B15 -> 7.8 | T15: =0.4*S15 -> 3.12
A16: Rua Santa Terezinha | B16: 14.9 | C16: =B16-0.6 -> 14.3 | D16: =C16*5 -> 71.5 | E16: =D16*0.15 -> 10.725 | F16: =((1.5*C16)*2) -> 42.9 | G16: =((C16*1.5*0.15)) -> 3.2175 | J16: =C16*$L$2 -> 58139.681 | N16: 14 | O16: =(0.4*4)*N16 -> 22.4 | P16: =N16 -> 14 | Q16: =((0.8*0.9)/2)*P16 -> 5.04 | S16: =B16 -> 14.9 | T16: =0.4*S16 -> 5.96
A17: Av. Antônio Brand Ribeiro | B17: 8.2 | C17: =B17-0.6 -> 7.6 | D17: =C17*5 -> 38 | E17: =D17*0.15 -> 5.7 | F17: =((1.5*C17)*2) -> 22.8 | G17: =((C17*1.5*0.15)) -> 1.71 | J17: =C17*$L$2 -> 30899.411 | N17: 8 | O17: =(0.4*4)*N17 -> 12.8 | P17: =N17 -> 8 | Q17: =((0.8*0.9)/2)*P17 -> 2.88 | S17: =B17 -> 8.2 | T17: =0.4*S17 -> 3.28
A18: Rua Ernesto Trivelato | B18: 8 | C18: =B18-0.6 -> 7.4 | D18: =C18*5 -> 37 | E18: =D18*0.15 -> 5.55 | F18: =((1.5*C18)*2) -> 22.2 | G18: =((C18*1.5*0.15)) -> 1.665 | H18: =1.5*B18 -> 12 | I18: =0.05*H18 -> 0.6 | J18: =C18*$L$2 -> 30086.268 | N18: 7 | O18: =(0.4*4)*N18 -> 11.2 | P18: =N18 -> 7 | Q18: =((0.8*0.9)/2)*P18 -> 2.52 | S18: =B18 -> 8 | T18: =0.4*S18 -> 3.2
A19: Rua Dona Eugênia Teixeira Bráulio | B19: 5.8 | C19: =B19-0.6 -> 5.2 | D19: =C19*5 -> 26 | E19: =D19*0.15 -> 3.9 | F19: =((1.5*C19)*2) -> 15.6 | G19: =((C19*1.5*0.15)) -> 1.17 | J19: =C19*$L$2 -> 21141.702 | N19: 5 | O19: =(0.4*4)*N19 -> 8 | P19: =N19 -> 5 | Q19: =((0.8*0.9)/2)*P19 -> 1.8 | S19: =B19 -> 5.8 | T19: =0.4*S19 -> 2.32
A20: Av. Vereador João Evangelista | B20: 10.8 | C20: =B20-0.6 -> 10.2 | D20: =C20*5 -> 51 | E20: =D20*0.15 -> 7.65 | F20: =((1.5*C20)*2) -> 30.6 | G20: =((C20*1.5*0.15)) -> 2.295 | J20: =C20*$L$2 -> 41470.262 | N20: 10 | O20: =(0.4*4)*N20 -> 16 | P20: =N20 -> 10 | Q20: =((0.8*0.9)/2)*P20 -> 3.6 | S20: =B20 -> 10.8 | T20: =0.4*S20 -> 4.32
A21: TOTAL | B21: =SUM(B2:B20) -> 193.2 | C21: =SUM(C2:C20) -> 181.8 | D21: =SUM(D2:D20) -> 909 | E21: =SUM(E2:E20) -> 136.35 | F21: =SUM(F2:F20) -> 545.4 | G21: =SUM(G2:G20) -> 40.905 | H21: =SUM(H2:H20) -> 118.83 | I21: =SUM(I2:I20) -> 5.9415 | J21: =SUM(J2:J20) -> 766629.6 | O21: =SUM(O2:O20) -> 286.4 | Q21: =SUM(Q2:Q20) -> 64.44
N22: =SUM(N2:N20) -> 179 | P22: =N22 -> 179 | S22: =SUM(S2:S20) -> 193.2 | T22: =SUM(T2:T20) -> 77.28
F23: valor total | J23: ='PLANILHA ORÇAMENTÁRIA (AF)'!I82 -> 766629.6
D24: =D21+F21+H21 -> 1573.23 | F24: valor -rua itatiba | J24: =J23-'PLANILHA ORÇAMENTÁRIA (AF)'!I26 -> 739146.43
D25: =E21+G21+I21 -> 183.1965
J26: =J20+J19+J18+J17+J16+J15+J14+J13+J12+J11+J10+J9+J8+J7+J6+J5+J4+J3+J2 -> 766629.6
